 Dungeon Crawl Stone Soup version 0.31-a0-37-g98a128e1d9 (webtiles) character file.

Game seed: 13666229393841782897

542601 hwolsky the Slayer (level 25, 39/120 (162) HPs) *EXPLORE*
             Began as a Gargoyle Monk on May 10, 2023.
             Was the Champion of Ru.
             Quit the game on level 2 of the Depths on May 15, 2023.
             The game lasted 03:51:49 (78952 turns).

hwolsky the Slayer (Gargoyle Monk)                 Turns: 78952, Time: 03:51:50

HP:   39/120 (162)  AC: 37    Str: -17 (28)XL:     25   Next: 38%
MP:   43/43         EV:  2    Int: -20 (27)God:    Ru [******]
Gold: 3172          SH:  0    Dex: -68 (15)Spells: 14/38 levels left

rFire   x . .        v - +9 staff of Olgreb {rPois∞}
rCold   x . .        (shield unavailable)
rNeg    + . .        C - +2 robe {Will+}
rPois   ∞            W - +3 hat of Pondering {ponderous, Will+ MP+10 Int+5}
rElec   +            s - +2 cloak {rCorr}
rCorr   +            H - +0 pair of gloves {Dex+3}
SInv    .            d - +1 pair of boots
Will    +++++        D - amulet of Loesmo {Regen+ Str+4} Stlth
                     (ring unavailable)
HPRegen 0.00/turn    i - ring "Datailim" {rElec Will+++ rCorr Str+6 Int+2 Stlth-}
MPRegen 0.28/turn

%: no passive effects
@: flying, inhibited regen, slowed, lost strength, lost intelligence, lost
dexterity, studying 3 skills, very heavily drained, unable to read, very slow
A: sickness immunity, AC +19, big wings, negative energy resistance 1,
electricity resistance, torment resistance 1, petrification resistance, missing
a hand, hated by all, temperature sensitive, hooves 1, frail 1, screaming 1,
wild magic 1
}: 4/15 runes: serpentine, barnacled, silver, golden
a: Renounce Religion, Evoke the Staff of Olgreb, Draw Out Power, Power Leap,
Apocalypse


You were on level 2 of the Depths.
You worshipped Ru.
Ru was exalted by your worship.
You visited 10 branches of the dungeon, and saw 44 of its levels.
You also visited: Bailey and Ice Cave.

You collected 7427 gold pieces.
You spent 4255 gold pieces at shops.

Inventory:

Hand Weapons
 e - the +2 Maxwell's thermic engine {flame, freeze, rev}
   (You found it on level 3 of the Tomb of the Ancients)
 u - the +3 trident "Donusawe" {spect, rElec rPois rC++ Dex+3}
   (You found it on level 4 of the Dungeon)

   Dex:       It affects your dexterity (+3).
   rC:        It greatly protects you from cold.
   rElec:     It insulates you from electricity.
   rPois:     It protects you from poison.
 v - the +9 staff of Olgreb (weapon) {rPois∞}
   (You found it on level 3 of the Tomb of the Ancients)

   It enhances your poison magic.
   It grants immunity to poison.
   It can be activated via the 'a'bility menu to radiate toxic energy, with
   effectiveness depending on Evocations skill.
 O - the +8 morningstar of the Mind {flame, rF- Will+ Int+2 Dex+2}
   (You found it on level 11 of the Dungeon)

   Int:       It affects your intelligence (+2).
   Dex:       It affects your dexterity (+2).
   rF:        It makes you vulnerable to fire.
   Will:      It increases your willpower.
Missiles
 R - 3 throwing nets
Armour
 d - a +1 pair of boots (worn)
 s - a +2 cloak of preservation (worn)
 C - a +2 robe of willpower (worn)
 H - a +0 pair of gloves of dexterity (worn)
 W - the +3 hat of Pondering (worn) {ponderous, Will+ MP+10 Int+5}
   (You bought it in a shop on level 2 of the Dungeon)

   Int:       It affects your intelligence (+5).
   MP:        It affects your magic capacity (+10).
   Will:      It increases your willpower.
 X - a +6 crystal plate armour
 Y - the +5 Storm Queen's Shield {shock, Fly rElec}
   (You found it on level 3 of the Tomb of the Ancients)

   Shock:     When it blocks an attack, it may electrocute the attacker.
   This works even against foes who are a short distance away.
   rElec:     It insulates you from electricity.
   Fly:       It grants you flight.
 Z - the +1 robe of the Tarantula {Dex+2}
   (You found it on level 3 of the Snake Pit)

   Dex:       It affects your dexterity (+2).
Magical Staves
 g - the staff of air "Zoelot" {rElec rCorr Dex+5}
   (You found it in an ice cave)

   [staff of air]

   Base accuracy: +5 Base damage: 5 Base attack delay: 1.2 This weapon's minimum
   attack delay (0.6) is reached at skill level 12.
   Dex:       It affects your dexterity (+5).
   rElec:     It insulates you from electricity.
   rCorr:     It protects you from acid and corrosion.
   It falls into the 'Staves' category.
   It is a one-handed weapon.
Jewellery
 i - the ring "Datailim" (right hand) {rElec Will+++ rCorr Str+6 Int+2 Stlth-}
   (You found it on level 3 of the Tomb of the Ancients)

   [ring of strength]

   Str:       It affects your strength (+6).
   Int:       It affects your intelligence (+2).
   rElec:     It insulates you from electricity.
   rCorr:     It protects you from acid and corrosion.
   Will:      It greatly increases your willpower.
   Stlth:     It makes you less stealthy.
 p - the ring "Ewkyttuk" {Ice rPois}
   (You found it in an ice cave)

   [ring of ice]

   It enhances your ice magic.
   rF:        It makes you vulnerable to fire.
   rC:        It protects you from cold.
   rPois:     It protects you from poison.
 q - the amulet of the Blind Eye {Reflect rC+ Int+6 Slay-3 SH+5}
   (You found it on level 3 of the Tomb of the Ancients)

   [amulet of reflection]

   It reflects blocked missile attacks.
   Int:       It affects your intelligence (+6).
   Slay:      It affects your accuracy & damage with ranged weapons and melee
   (-3).
   rC:        It protects you from cold.
   SH:        It affects your SH (+5).
 D - the amulet of Loesmo (around neck) {Regen+ Str+4}
   (You found it on level 3 of the Crypt)

   [amulet of regeneration]

   Str:       It affects your strength (+4).
   Regen:     It increases your rate of health regeneration.
 G - the ring "Fetelin" {rC++ rN+ rCorr Str+2 Slay-4}
   (You found it on level 3 of the Crypt)

   [ring of positive energy]

   Str:       It affects your strength (+2).
   Slay:      It affects your accuracy & damage with ranged weapons and melee
   (-4).
   rC:        It greatly protects you from cold.
   rN:        It protects you from negative energy.
   rCorr:     It protects you from acid and corrosion.
 K - the ring of Ifreracw {rPois rN+ Will+ Str-3}
   (You found it on level 4 of the Vaults)

   [ring of willpower]

   Str:       It affects your strength (-3).
   rPois:     It protects you from poison.
   rN:        It protects you from negative energy.
   Will:      It increases your willpower.
 L - the ring of Fipnag {Fly rElec Dex+3}
   (You found it on level 11 of the Dungeon)

   [ring of flight]

   Dex:       It affects your dexterity (+3).
   rElec:     It insulates you from electricity.
   Fly:       It grants you flight.
 S - the ring of the Hare {EV+10}
   (You bought it in a shop on level 5 of the Vaults)

   [ring of evasion]

   EV:        It affects your evasion (+10).
 T - the ring of Acled {rC+ rN+}
   (You found it on level 3 of the Crypt)

   [ring of positive energy]

   rC:        It protects you from cold.
   rN:        It protects you from negative energy.
Wands
 U - a wand of digging (42)
Scrolls
 a - a scroll of enchant armour
 b - 5 scrolls of amnesia
 r - 5 scrolls of teleportation
 t - 4 scrolls of fog
 x - 7 scrolls of enchant weapon
 y - 16 scrolls of fear
 B - 3 scrolls of brand weapon
 E - 6 scrolls of blinking
 F - 5 scrolls of silence
 I - 7 scrolls of poison
Potions
 c - 6 potions of ambrosia
 f - 7 potions of haste
 h - 5 potions of might
 j - 2 potions of berserk rage
 k - 26 potions of curing
 m - 7 potions of cancellation
 n - 5 potions of invisibility
 w - 7 potions of brilliance
 M - a potion of magic
 P - 13 potions of heal wounds
 Q - 5 potions of resistance
Miscellaneous
 o - a figurine of a ziggurat
 z - a piece from Xom's chessboard (15/15)
 A - a tin of tremorstones (1/2)
 N - a lightning rod (4/4)


   Skills:
 + Level 24.6 Fighting
 - Level 3.0(8.5) Axes
 - Level 13.1(13.3) Maces & Flails
 - Level 2.3(3.1) Polearms
 + Level 21.7 Armour
 - Level 6.6 Dodging
 - Level 7.1 Spellcasting
 * Level 18.4 Conjurations
 - Level 18.9 Air Magic
 - Level 13.0 Poison Magic
 - Level 3.7 Evocations


You had 14 spell levels left.
You knew the following spells:

 Your Spells              Type           Power      Damage    Failure   Level
a - Poisonous Vapours     Pois/Air       0%         N/A       1%          2
b - Magic Dart            Conj           0%         1d3       1%          1
c - Searing Ray           Conj           0%         2d4       1%          2
d - Airstrike             Air            0%         2d(0-16)  1%          4
e - Chain Lightning       Conj/Air       0%         N/A       100%        9
f - Conjure Ball Lightni  Conj/Air       0%         3x3d6     4%          6

Your spell library contained the following spells:

 Spells                   Type           Power      Damage    Failure   Level
 Foxfire                  Conj/Fire      0%         2x1d4     1%          1
 Kiss of Death            Conj/Necr      0%         2d5       1%          1
 Shock                    Conj/Air       0%         1d3       1%          1
 Mephitic Cloud           Conj/Pois/Air  0%         N/A       1%          3
 Swiftness                Air            0%         N/A       1%          3
 Iskenderun's Battlesphe  Conj           0%         2d6       1%          5
 Momentum Strike          Conj/Tloc      0%         3d8       2%          2
 Olgreb's Toxic Radiance  Pois           0%         N/A       3%          4
 Stone Arrow              Conj/Erth      0%         3d7       4%          3
 Freezing Cloud           Conj/Ice/Air   0%         6-21      10%         5
 Flame Wave               Conj/Fire      0%         2d4       13%         4
 Fulminant Prism          Conj/Hex       0%         3d5       13%         4
 Iskenderun's Mystic Bla  Conj/Tloc      0%         2d3       13%         4
 Sticky Flame             Conj/Fire      0%         2d3       13%         4
 Orb of Destruction       Conj           0%         9d5       22%         7
 Fireball                 Conj/Fire      0%         3d3       32%         5
 Irradiate                Conj/Tmut      0%         3d11      32%         5
 Apportation              Tloc           0%         N/A       45%         1
 Necrotise                Necr           0%         1d4       45%         1
 Sandblast                Erth           0%         2d4       45%         1
 Slow                     Hex            0%         N/A       45%         1
 Blink                    Tloc           0%         N/A       58%         2
 Lesser Beckoning         Tloc           0%         N/A       58%         2
 Passwall                 Tmut/Erth      0%         N/A       58%         2
 Scorch                   Fire           0%         2d5       58%         2
 Alistair's Intoxication  Tmut/Pois      0%         N/A       65%         5
 Confusing Touch          Hex            0%         N/A       80%         3
 Gell's Gravitas          Tloc           0%         N/A       80%         3
 Inner Flame              Hex/Fire       0%         N/A       80%         3
 Teleport Other           Tloc           0%         N/A       80%         3
 Vampiric Draining        Necr           0%         2d6       80%         3
 Volatile Blastmotes      Fire/Tloc      0%         2d10      80%         3
 Iron Shot                Conj/Erth      0%         9d1       85%         6
 Anguish                  Hex/Necr       0%         N/A       99%         4
 Cause Fear               Hex            0%         N/A       99%         4
 Leda's Liquefaction      Hex/Erth       0%         N/A       99%         4
 Manifold Assault         Tloc           0%         N/A       99%         4
 Passage of Golubria      Tloc           0%         N/A       99%         4
 Petrify                  Tmut/Erth      0%         N/A       99%         4
 Eringya's Noxious Bog    Tmut/Pois      0%         N/A       99%         6
 Borgnjor's Vile Clutch   Necr/Erth      0%         N/A       100%        5
 Lee's Rapid Deconstruct  Erth           0%         3d4*      100%        5
 Dispersal                Tloc           0%         N/A       100%        6
 Dragon Form              Tmut           0%         N/A       100%        7
 Enfeeble                 Hex            0%         N/A       100%        7
 Discord                  Hex            0%         N/A       100%        8
 Disjunction              Tloc           0%         N/A       100%        8
 Ignition                 Fire           0%         3d3       100%        8
 Necromutation            Tmut/Necr      0%         N/A       100%        8
 Death's Door             Necr           0%         N/A       100%        9
 Fire Storm               Conj/Fire      0%         5d1       100%        9
 Shatter                  Erth           0%         3d5*      100%        9
 Sublimation of Blood     Necr           Unusable   N/A       N/A         2
 Summon Guardian Golem    Hex/Summ       Unusable   N/A       N/A         3
 Summon Forest            Summ/Tloc      Unusable   N/A       N/A         5
 Summon Mana Viper        Hex/Summ       Unusable   N/A       N/A         5
 Statue Form              Tmut/Erth      Unusable   N/A       N/A         6
 Summon Cactus Giant      Summ           Unusable   N/A       N/A         6
 Spellforged Servitor     Conj/Summ      Unusable   N/A       N/A         7
 Dragon's Call            Summ           Unusable   N/A       N/A         9

Dungeon Overview and Level Annotations

Branches:
Dungeon (15/15) Zot: 25067  Temple (1/1) D:7 Zot: 5627    Lair (5/5) D:11 Zot: 22313
 Shoals (4/4) Lair:2 Zot: 16614   Snake (4/4) Lair:3 Zot: 15253   Slime (0/5) Lair:5
    Orc (2/2) D:11 Zot: 9555     Elf (0/3) Orc:2        Vaults (5/5) D:14 Zot: 6873
  Crypt (3/3) Vaults:3 Zot: 11355    Tomb (3/3) Crypt:3 Zot: 12388  Depths (2/4) D:15 Zot: 9590
 Bailey (visited)           IceCv (visited)

Altars:
Ashenzari
Cheibriados
Dithmenos
Elyvilon
Gozag
Kikubaaqudgha
Makhleb
Nemelex Xobeh
Okawaru
Qazlal
Ru
Sif Muna
Trog
Uskayaw
Vehumet
Wu Jian
Xom
Zin
The Shining One

Shops:
D:1 :(   D:2 [!(!!   D:9 *   Orc:1 :?   Orc:2 [*[=(   Shoals:1 *   Shoals:3 =
Snake:1 *   Vaults:4 *   Vaults:5 =   Depths:1 ?

Portals:
Hell: Depths:1
Abyss: Depths:1

Annotations:
Depths:2 2 transporters


Innate Abilities, Weirdness & Mutations

You are immune to sickness and miasma.
Your stone body is resilient. (AC +19)
You are immune to poison.
Your large and strong wings let you fly.
You resist negative energy. (rN+)
You are resistant to electric shocks. (rElec)
You are resistant to unholy torment.
You are immune to petrification.
You are missing a hand.
You are hated by all.
You are sensitive to extremes of temperature. (rF-, rC-)
You have large cloven feet.
You are frail. (-10% HP)
You occasionally shout uncontrollably at your foes.
Your spells are a little harder to cast, but a little more powerful.


Message History

The hell knight hits you but does no damage.
The hell knight mumbles some strange prayers to its god.
The hell knight seems to speed up.
You hit the hell knight.
You envenom the hell knight.
The hell knight is poisoned.
The hell knight is lightly wounded.
The hell knight begins to pray, but is stunned by your conviction!
The fire dragon simulacrum bites you but does no damage.
The fire dragon simulacrum claws you but does no damage.
The fire dragon simulacrum tramples you but does no damage.
The necromancer hits you but does no damage.
The hell knight begins to pray, but is stunned by your conviction!
The hell knight hits you with a +1 long sword.
The hell knight begins to pray, but is stunned by your conviction!
Unknown command.
You hit the hell knight.
The hell knight is lightly wounded.
You redirect the hell knight's attack!
The hell knight hits you with a +0 demon blade of pain.
You writhe in agony.
The hell knight hits you with a +1 long sword.
The necromancer casts a spell.
The necromancer binds the souls of nearby monsters.
The fire dragon simulacrum bites you but does no damage.
The fire dragon simulacrum claws you but does no damage.
The fire dragon simulacrum tramples you but does no damage.
Unknown command.
Activating: Apocalypse
Press: ? - help, Dir - look around, f - activate
Okay, then.
Level annotation: 2 transporters Welcome back, hwolsky the Gargoyle Monk.
Ru says: Cut away your false body!
Press ? for a list of commands and other information.
Save game and exit?
Level annotation: 2 transporters Welcome back, hwolsky the Gargoyle Monk.
Ru says: Cut away your false body!
Press ? for a list of commands and other information.
Are you sure you want to abandon this character and quit the game? (Confirm with "yes".)

# ##.##.# #.##.#
#..#.# ### ##.#.#
... #.#.# .... #.#.#
..... #.[)##.....
########........
#Z@ppp..........
#.pp..#......###
8.....p..#.........
#.....##..#......!.^
©#©....
####.........
.#..... #.........
8#8.©.8 #.........
###### #.....####
#.....#


You could see 5 hell knights, a necromancer and a fire dragon simulacrum.

Vanquished Creatures
  4 dread liches
  4 ancient liches
  Mara (Shoals:3)
  26 royal mummies
  Vv (Crypt:1)
  Margery (Crypt:3)
  Vashnia (Snake:3)
  Xtahua (Vaults:4)
  Jory (Vaults:2)
  A Brimstone Fiend (Tomb:1)
  An Ice Fiend (Tomb:1)
  A shard shrike skeleton (Crypt:3)
  4 titans
  4 liches
  5 ancient champions
  Frances (Shoals:1)
  10 sphinxes
  An eldritch tentacle (Tomb:3)
  4 shadow dragons (Vaults:5)
  5 nagarajas
  2 storm dragons
  The ghost of Woigomae the Fighter, an adept OpVM of Vehumet (Snake:2)
  The ghost of Ceuduph the Tortoise, an adept AtWn of Uskayaw (Shoals:3)
  4 tengu reavers
  4 revenants
  Ilsuiw (Shoals:3)
  A deep elf sorcerer (Vaults:5)
  3 fire giants (Vaults:5)
  A balrug (Depths:1)
  11 vault wardens
  4 curse skulls
  3 frost giants
  4 orc warlords
  A caustic shrike zombie (Crypt:3)
  16 ironbound preservers
  8 stone giants
  14 ghouls
  3 ironbound thunderhulks
  12 very ugly things
  2 deep elf demonologists (Vaults:2)
  A deep elf annihilator (Vaults:5)
  16 vampire knights
  8 bennus
  17 dire elephants
  8 eidola
  10 ettins
  8 merfolk javelineers
  7 deep elf death magi
  2 fire dragons
  Snorg (Lair:3)
  2 deep elf high priests
  12 jiangshi
  19 mummy priests
  8 merfolk impalers
  A rakshasa (D:15)
  Fannar (Orc:1)
  Erolcha (D:12)
  9 great orbs of eyes
  A spriggan zombie (Crypt:3)
  4 entropy weavers
  4 salamander tyrants (Snake:4)
  A spriggan air mage (Depths:1)
  7 ironbound frosthearts
  17 yaktaur captains
  10 anacondas
  7 hydras
  30 vault guards
  2 spriggan skeletons
  3 ogre magi
  A catoblepas (Shoals:4)
  2 merfolk avatars
  9 centaur warriors
  A peacekeeper (Vaults:3)
  Erica (D:11)
  3 boulder beetles
  3 merfolk aquamancers
  An alligator snapping turtle (Shoals:4)
  4 tengu warriors (Depths:1)
  5 two-headed ogres
  20 death yaks
  3 satyrs
  2 deep troll shamans (Depths:1)
  A deep troll earth mage (Vaults:5)
  9 naga warriors
  55 death scarabs
  10 vampire magi
  Urug (Lair:3)
  5 soul eaters
  6 shock serpents
  A deep elf knight (D:14)
  2 spriggan berserkers
  10 naga sharpshooters
  A sun demon (Depths:1)
  Nergalle (D:12)
  A skyshark (shapeshifter) (Vaults:5)
  3 hell knights (Crypt:3)
  3 skysharks
  44 skeletal warriors
  A titan skeleton (Crypt:1)
  An iron troll (Depths:1)
  A bunyip zombie (Crypt:3)
  2 shadow wraiths (Crypt:2)
  3 salamander mystics
  18 sea snakes
  A flayed ghost (Crypt:2)
  2 bog bodies (Crypt:2)
  30 slime creatures
  50 deep trolls
  A spriggan simulacrum (Crypt:1)
  6 naga ritualists (Snake:4)
  A lindwurm (shapeshifter) (D:14)
  8 wizards
  16 ironbound convokers
  6 lindwurms
  10 orc knights
  22 phantasmal warriors
  6 mana vipers
  18 harpies
  2 human zombies
  An orc sorcerer (Orc:2)
  A wolf spider (D:15)
  A broodmother zombie (Crypt:2)
  A stone giant zombie (Crypt:3)
  8 fauns (Shoals:3)
  6 necromancers
  30 ugly things
  An eleionoma zombie (Crypt:3)
  7 merfolk sirens
  16 manticores
  24 black mambas
  3 guardian serpents
  18 cyclopes
  4 elephants (Lair:3)
  A jorogumo skeleton (Crypt:1)
  7 water nymphs
  A human skeleton (Vaults:5)
  17 vault sentinels
  A centaur zombie (Crypt:3)
  14 salamanders
  2 dire elephant zombies (Crypt:3)
  An alligator snapping turtle zombie (Tomb:2)
  An iron dragon skeleton (Tomb:3)
  An ice statue (IceCv)
  A smoke demon (Depths:1)
  11 naga magi
  5 torpor snails (Lair:5)
  An orc skeleton (Tomb:2)
  4 gargoyles
  A torpor snail (shapeshifter) (Vaults:5)
  13 cane toads
  A dire elephant skeleton (Crypt:1)
  2 rime drakes
  A grey draconian zombie (Crypt:2)
  A centaur skeleton (Tomb:3)
  An orb spider zombie (Crypt:1)
  8 komodo dragons
  2 efreet
  A steelbarb worm zombie (Crypt:1)
  39 yaktaurs
  45 guardian mummies
  A tengu conjurer (D:14)
  A kobold demonologist (D:12)
  A yellow draconian skeleton (Crypt:1)
  3 freezing wraiths
  A minotaur skeleton (Crypt:1)
  2 harpy zombies (Crypt:3)
  A hydra zombie (Crypt:3)
  3 meliai (D:15)
  A black draconian skeleton (Crypt:2)
  Psyche (D:12)
  A sea snake skeleton (Crypt:3)
  A red draconian skeleton (Crypt:2)
  11 polar bears
  30 merfolk
  5 trolls
  9 hornets
  A tarantella (Vaults:4)
  11 wind drakes
  A harpy skeleton (Tomb:2)
  9 snapping turtles
  4 tyrant leeches (Lair:5)
  A blink frog (shapeshifter) (D:15)
  3 ettin zombies
  18 dream sheep
  13 blink frogs
  A guardian serpent skeleton (Crypt:2)
  7 water elementals
  A culicivora (Vaults:4)
  19 flying skulls
  A shadow (D:10)
  A centaur simulacrum (Crypt:2)
  4 wyverns
  A culicivora (shapeshifter) (D:15)
  2 vampires
  A wind drake zombie (Crypt:3)
  2 ettin skeletons
  15 ushabtiu
  12 wraiths
  2 humans (D:14)
  7 basilisks
  4 steam dragons
  9 vampire mosquitoes (D:13)
  44 yaks
  7 redbacks
  Menkaure (D:7)
  38 nagas
  A harpy simulacrum (Crypt:2)
  4 acid dragons
  A glowing shapeshifter zombie (Vaults:5)
  A warg (Orc:1)
  3 merfolk zombies (Crypt:2)
  A demonspawn skeleton (Crypt:3)
  Duvessa (D:7)
  2 sky beasts
  8 water moccasins
  28 orc warriors
  A water nymph skeleton (Crypt:1)
  A black bear (shapeshifter) (Vaults:5)
  An ice beast (D:5)
  3 boggarts (Vaults:1)
  6 ogres
  A black bear (Lair:1)
  16 wolves (IceCv)
  8 centaurs
  A phantom (D:4)
  A kobold brigand (D:10)
  8 bullfrogs
  A rime drake skeleton (Crypt:2)
  A gnoll sergeant (D:6)
  A scorpion (Lair:2)
  5 necrophages
  7 wights
  Dowan (D:7)
  A queen bee zombie (Crypt:3)
  A polar bear skeleton (Crypt:1)
  6 howler monkeys
  An electric eel (Snake:4)
  2 lava snakes (Lair:3)
  6 hounds
  A bullfrog skeleton (Crypt:3)
  A gnoll bouda (D:5)
  A jelly (D:4)
  Crazy Yiuf (D:3)
  22 orc priests
  Jessica (D:2)
  39 orc wizards
  6 iguanas
  An ogre skeleton (Crypt:3)
  31 mummies
  A howler monkey skeleton (Crypt:2)
  11 gnolls
  7 adders
  An ufetubus (D:5)
  An adder skeleton (Crypt:1)
  A worm (shapeshifter) (Vaults:5)
  2 worms
  3 dart slugs
  93 orcs
  4 ball pythons
  5 bats
  A bat zombie (Crypt:1)
  8 endoplasms
  4 hobgoblins
  2 jackals (D:4)
  3 quokkas
  6 frilled lizards
  12 goblins
  A hobgoblin skeleton (Crypt:2)
  21 kobolds
  A spectral weapon (Vaults:5)
1841 creatures vanquished.

Vanquished Creatures (others)
  An ancient lich (Vaults:5)
  Khufu (Tomb:3)
  5 royal mummies
  Sojobo (Vaults:2)
  Bai Suzhen (Vaults:2)
  A tentacled monstrosity (Vaults:4)
  A quicksilver dragon (Vaults:5)
  2 titans (Vaults:5)
  Polyphemus (Shoals:4)
  A sphinx (Vaults:2)
  An eldritch tentacle (Tomb:3)
  2 revenants
  A vault warden (Vaults:5)
  2 fire giants (Depths:1)
  A ghoul (Crypt:2)
  A caustic shrike skeleton (Crypt:1)
  An ironbound preserver (Vaults:1)
  A very ugly thing (Depths:1)
  4 vampire knights
  A stone giant (Vaults:5)
  6 bennus
  A dire elephant (Vaults:2)
  A mummy priest (Tomb:2)
  A merfolk javelineer (Shoals:4)
  An ettin (Vaults:5)
  2 merfolk impalers (Shoals:4)
  A jiangshi (Crypt:1)
  A yaktaur captain (Vaults:4)
  A hydra (Lair:5)
  2 ice dragons
  An ironbound frostheart (Vaults:3)
  A catoblepas (D:15)
  A fenstrider witch skeleton (Tomb:1)
  A death knight (Crypt:1)
  3 centaur warriors
  6 death scarabs
  A naga warrior (Snake:3)
  A death yak (Lair:4)
  3 naga sharpshooters
  A vampire mage (Crypt:1)
  2 shadow wraiths
  3 skeletal warriors
  A deep troll (Vaults:2)
  A salamander mystic (Snake:4)
  2 sea snakes (Snake:4)
  A bunyip zombie (Tomb:2)
  A naga ritualist (Snake:4)
  A wizard (Vaults:3)
  A harpy (Vaults:3)
  2 deep elf pyromancers (D:15)
  An orc knight (Vaults:2)
  2 mana vipers
  A salamander (Snake:4)
  2 ugly things
  A necromancer (Vaults:5)
  A cyclops (D:14)
  2 water nymphs
  A naga mage (Snake:4)
  A black mamba (Snake:4)
  A guardian serpent (Snake:4)
  A komodo dragon (Lair:4)
  2 yaktaurs (Vaults:3)
  A sea snake skeleton (Crypt:3)
  A guardian mummy (Tomb:1)
  3 merfolk
  A troll (D:11)
  2 harpy zombies
  A snapping turtle (Shoals:4)
  A blink frog (Lair:3)
  An ettin zombie (Crypt:1)
  A slime creature (Vaults:4)
  An ettin skeleton (Crypt:3)
  A flying skull (Tomb:2)
  A yak (IceCv)
  4 ushabtiu
  A water elemental (Shoals:4)
  3 nagas
  3 orc warriors
  A wolf (IceCv)
  A centaur (D:14)
  A necrophage (Crypt:2)
  6 orc wizards
  3 mummies
  5 orcs
  A kobold (D:10)
  19 ball lightnings
  A spectral weapon (Bailey)
161 creatures vanquished.

Grand Total: 2002 creatures vanquished

Notes
Turn   | Place    | Note
-------+----------+-------------------------------------------
     0 | D:1      | hwolsky the Gargoyle Monk began the quest for the Orb.
     0 | D:1      | Reached XP level 1. HP: 14/14 MP: 1/1
    38 | D:1      | Found Qeotrimp's Book Boutique.
   211 | D:1      | Reached XP level 2. HP: 14/19 MP: 2/2
   408 | D:1      | Found Fefuth's Antique Weapon Shop.
   911 | D:2      | Found Jerocyps's Antique Armour Boutique.
   935 | D:2      | Noticed Jessica
   938 | D:2      | Killed Jessica
   939 | D:2      | Reached skill level 1 in Spellcasting
   939 | D:2      | Reached XP level 3. HP: 18/24 MP: 3/5
   985 | D:2      | You fall into a shaft and drop 2 floors!
  1022 | D:4      | Entered explore mode.
  1101 | D:4      | Reached XP level 4. HP: 23/29 MP: 6/6
  1160 | D:4      | Identified the +3 trident "Donusawe" {spect, rElec rPois
                  | rC++ Dex+3}
  1373 | D:2      | Found Hiuc's Distillery.
  1398 | D:2      | Bought a potion of degeneration for 10 gold pieces
  1407 | D:2      | Reached skill level 4 in Fighting
  1570 | D:2      | Found Pias's Distillery.
  1588 | D:2      | Found Cysuz's Antique Weapon Emporium.
  1652 | D:2      | Found Qemnom's Distillery.
  1776 | D:2      | Reached XP level 5. HP: 24/33 MP: 8/8
  2003 | D:3      | Found a runed translucent door.
  2004 | D:3      | Noticed Crazy Yiuf
  2011 | D:3      | Slain by Crazy Yiuf
                  | ... wielding a +3 quarterstaff of chaos
                  | (12 damage)
  2013 | D:3      | Killed Crazy Yiuf
  2163 | D:3      | Found a glowing silver altar of Zin.
  2360 | D:4      | HP: 1/33 [orc priest/+0 hand axe (2)]
  2360 | D:4      | Slain by an orc priest
                  | ... wielding a +0 mace
                  | (1 damage)
  2370 | D:4      | HP: 1/34 [orc priest/+0 mace (3)]
  2374 | D:4      | Killed by divine providence
                  | ... invoked by an orc priest
                  | (10 damage)
  2377 | D:4      | Reached XP level 6. HP: 39/39 MP: 10/10
  3195 | D:4      | Reached XP level 7. HP: 41/44 MP: 12/12
  3311 | D:5      | Entered Level 5 of the Dungeon
  3382 | D:5      | Found an opulent altar of Gozag.
  3420 | D:5      | Reached skill level 5 in Fighting
  3427 | D:5      | HP: 1/44 [orc wizard/+0 dagger (3)]
  3430 | D:5      | Slain by an orc wizard
                  | ... wielding a +0 dagger
                  | (4 damage)
  3646 | D:5      | Reached XP level 8. HP: 34/49 MP: 13/15
  3829 | D:5      | Reached skill level 5 in Maces & Flails
  3898 | D:5      | Reached skill level 5 in Spellcasting
  4063 | D:6      | Found an ancient bone altar of Kikubaaqudgha.
  4087 | D:6      | Noticed a two-headed ogre
  4098 | D:6      | HP: 2/51 [gnoll sergeant/+0 spear (3)]
  4099 | D:6      | Slain by a gnoll
                  | ... wielding a +0 spear
                  | ... led by a gnoll sergeant
                  | (6 damage)
  4100 | D:6      | Slain by a gnoll
                  | ... wielding a +0 spear
                  | ... led by a gnoll sergeant
                  | (4 damage)
  4101 | D:6      | Killed a two-headed ogre
  4102 | D:6      | Reached skill level 6 in Fighting
  4102 | D:6      | Reached XP level 9. HP: 56/56 MP: 15/18
  4221 | D:6      | Reached skill level 5 in Dodging
  4601 | D:6      | Found an ornate altar of the Wu Jian Council.
  4602 | D:6      | Found a hide-covered altar of Uskayaw.
  4603 | D:6      | Found a sacrificial altar of Ru.
  4629 | D:6      | Became a worshipper of Ru the Awakened
  4635 | D:6      | Gained mutation: You are missing a hand. [Ru sacrifice]
  4635 | D:6      | Reached * piety under Ru
  4635 | D:6      | Reached ** piety under Ru
  4635 | D:6      | Reached *** piety under Ru
  4674 | D:6      | Learned a level 2 spell: Poisonous Vapours
  4675 | D:6      | Found a stormy altar of Qazlal.
  4950 | D:7      | Noticed Menkaure
  4972 | D:7      | Found a flagged portal.
  4996 | Bailey   | Entered a bailey
  5017 | Bailey   | Noticed an orc warlord
  5109 | Bailey   | Found a runed translucent gate.
  5109 | Bailey   | Found a runed translucent gate.
  5109 | Bailey   | Found a runed translucent gate.
  5210 | Bailey   | Reached skill level 7 in Fighting
  5507 | Bailey   | Mangled by an orc warlord
                  | ... wielding a +10 broad axe
                  | (13 damage)
  5513 | Bailey   | Demolished by an orc warlord
                  | ... wielding a +10 broad axe
                  | (21 damage)
  5516 | Bailey   | Demolished by an orc warlord
                  | ... wielding a +10 broad axe
                  | (34 damage)
  5519 | Bailey   | Mangled by an orc warlord
                  | ... wielding a +10 broad axe
                  | (26 damage)
  5523 | Bailey   | Mangled by an orc warlord
                  | ... wielding a +10 broad axe
                  | (23 damage)
  5524 | Bailey   | Killed an orc warlord
  5525 | Bailey   | Reached XP level 10. HP: 63/63 MP: 12/20
  5555 | Bailey   | Learned a level 1 spell: Magic Dart
  5558 | Bailey   | Learned a level 2 spell: Searing Ray
  5700 | D:7      | Found a staircase to the Ecumenical Temple.
  5718 | D:7      | Noticed Duvessa
  5722 | D:7      | Noticed Dowan
  5812 | D:7      | Slain by Duvessa
                  | ... wielding a +0 short sword
                  | (9 damage)
  5823 | D:7      | Killed Dowan
  5826 | D:7      | Slain by Duvessa
                  | ... wielding a +0 short sword
                  | (16 damage)
  5835 | D:7      | Slain by Duvessa
                  | ... wielding a +0 short sword
                  | (11 damage)
  5836 | D:7      | Killed Duvessa
  6044 | D:7      | Killed Menkaure
  6045 | D:7      | Reached skill level 1 in Axes
  6127 | D:8      | Noticed a two-headed ogre
  6140 | D:8      | Killed a two-headed ogre
  6141 | D:8      | Reached skill level 8 in Fighting
  6212 | D:8      | Reached skill level 5 in Poison Magic
  6224 | D:8      | HP: 3/64 [yak (3)]
  6225 | D:8      | Slain by a yak (8 damage)
  6543 | D:8      | Gained mutation: You are hated by all. [Ru sacrifice]
  6543 | D:8      | Reached **** piety under Ru
  7406 | D:1      | Reached skill level 10 in Conjurations
  7406 | D:1      | Reached XP level 11. HP: 69/69 MP: 21/21
  7625 | D:9      | Found a glowing golden altar of the Shining One.
  7715 | D:9      | Found a snail-covered altar of Cheibriados.
  8028 | D:9      | Identified the +5 whip of Letiwuguas {heavy, rC++}
  8335 | D:9      | Found Zacheti's Lightly-Used Armoury.
  8471 | D:10     | Entered Level 10 of the Dungeon
  8925 | D:10     | Noticed a two-headed ogre
  8935 | D:10     | Killed a two-headed ogre
  8936 | D:10     | Reached skill level 1 in Polearms
  8936 | D:10     | Reached skill level 1 in Armour
  8936 | D:10     | Reached XP level 12. HP: 35/75 MP: 17/22
  9097 | D:10     | Found a shimmering blue altar of Sif Muna.
  9409 | D:10     | Gained mutation: You are sensitive to extremes of
                  | temperature. (rF-, rC-) [Ru sacrifice]
  9409 | D:10     | Reached ***** piety under Ru
  9409 | D:10     | Reached ****** piety under Ru
  9769 | D:10     | Got Sif Muna's Anthology of the Torch
  9836 | D:11     | Reached skill level 9 in Fighting
  9981 | D:11     | Found a staircase to the Lair.
  9986 | D:11     | Noticed Erica
  9989 | D:11     | Identified the ring of Fipnag {Fly rElec Dex+3}
  9999 | D:11     | Killed Erica
  9999 | D:11     | HP: 2/76 [something (10)]
 10000 | D:11     | Mangled by a troll (11 damage)
 10242 | D:11     | Identified the +8 morningstar of the Mind {flame, rF- Will+
                  | Int+2 Dex+2}
 10594 | D:11     | Found a staircase to the Orcish Mines.
 10816 | Lair:1   | Entered Level 1 of the Lair of Beasts
 12320 | Lair:2   | Slain by a yak (12 damage)
 13109 | Lair:3   | Noticed a death yak
 13109 | Lair:3   | Noticed a death yak
 13109 | Lair:3   | Noticed a death yak
 13109 | Lair:3   | Noticed a death yak
 13109 | Lair:3   | Noticed a death yak
 13122 | Lair:2   | Killed a death yak
 13123 | Lair:2   | Reached skill level 10 in Fighting
 13131 | Lair:2   | Killed a death yak
 13290 | Lair:2   | Slain by a death yak (10 damage)
 13293 | Lair:2   | Demolished by a death yak (21 damage)
 13305 | Lair:2   | Killed a death yak
 13306 | Lair:2   | Reached skill level 5 in Armour
 13306 | Lair:2   | Reached XP level 13. HP: 10/82 MP: 23/23
 13306 | Lair:2   | Slain by a death yak (13 damage)
 13416 | Lair:3   | Reached skill level 10 in Poison Magic
 13422 | Lair:3   | HP: 1/83 [blink frog (7)]
 13426 | Lair:3   | Slain by a bullfrog (5 damage)
 13476 | Lair:3   | Slain by an elephant (11 damage)
 13874 | Lair:3   | Noticed Urug
 13890 | Lair:3   | Killed Urug
 13900 | Lair:3   | Noticed Snorg
 13909 | Lair:3   | Killed Snorg
 14596 | Lair:3   | Found a staircase to the Snake Pit.
 14607 | Lair:3   | HP: 2/84 [lava snake (5)]
 14607 | Lair:3   | Slain by a lava snake (6 damage)
 14612 | Lair:3   | Reached skill level 11 in Fighting
 14951 | Lair:4   | Identified the +6 whip of the Bouncing Runes {flame, Dex+5}
 14997 | Lair:4   | Slain by a death yak (16 damage)
 15002 | Lair:4   | HP: 4/84 [death yak (17)]
 15003 | Lair:4   | Slain by a death yak (6 damage)
 15010 | Lair:4   | HP: 2/84 [death yak (15)]
 15011 | Lair:4   | Slain by a death yak (8 damage)
 15018 | Lair:4   | HP: 1/84 [death yak (6)]
 15018 | Lair:4   | Mangled by a death yak (7 damage)
 15035 | Lair:4   | HP: 4/84 [death yak (4)]
 15043 | Lair:4   | HP: 3/84 [death yak (2)]
 15080 | Lair:4   | HP: 3/84 [eight-headed hydra (8)]
 15080 | Lair:4   | Slain by an eight-headed hydra (8 damage)
 15595 | Lair:4   | Gained mutation: Your large and strong wings let you fly.
                  | [Gargoyle growth]
 15595 | Lair:4   | Reached XP level 14. HP: 69/90 MP: 24/24
 16132 | Lair:5   | Entered Level 5 of the Lair of Beasts
 16189 | Lair:5   | Mangled by a cane toad (16 damage)
 16541 | Lair:5   | Identified the +1 robe of the Moon Troll {Harm rC+ rN+}
 16566 | Lair:5   | Found a staircase to the Slime Pits.
 16626 | Lair:5   | Slain by a komodo dragon (12 damage)
 17048 | Lair:5   | Reached skill level 12 in Fighting
 17048 | Lair:5   | Reached skill level 10 in Maces & Flails
 17304 | Lair:5   | Found a runed translucent door.
 17622 | Lair:5   | HP: 1/92 [torpor snail (10)]
 17623 | Lair:5   | Slain by a torpor snail (4 damage)
 17634 | Lair:5   | HP: 4/92 [torpor snail (16)]
 17638 | Lair:5   | Mangled by a torpor snail (15 damage)
 17902 | Lair:5   | HP: 2/92 [tyrant leech (16)]
 17912 | Lair:5   | Mangled by a tyrant leech (16 damage)
 18438 | D:2      | Bought the +3 hat of Pondering {ponderous, Will+ MP+10
                  | Int+5} for 838 gold pieces
 18438 | D:2      | Found the +3 hat of Pondering {ponderous, Will+ MP+10
                  | Int+5}
 18693 | Orc:1    | Entered Level 1 of the Orcish Mines
 18705 | Orc:1    | Noticed Fannar
 18722 | Orc:1    | Mangled by an ice beast (13 damage)
                  | ... summoned by Fannar
 18728 | Orc:1    | Killed by divine providence
                  | ... invoked by an orc priest
                  | (11 damage)
 18734 | Orc:1    | Reached skill level 1 in Evocations
 18735 | Orc:1    | Slain by an orc warrior
                  | ... wielding a +0 mace
                  | ... led by an orc knight
                  | (9 damage)
 18754 | Orc:1    | Slain by an orc warrior
                  | ... wielding a +0 hand axe
                  | ... led by an orc knight
                  | (6 damage)
 18776 | Orc:1    | Killed Fannar
 19146 | Orc:1    | Found Eneuff's Book Emporium.
 19268 | Orc:1    | Found Zaeptop's Magic Scroll Emporium.
 19601 | Orc:2    | Entered Level 2 of the Orcish Mines
 19603 | Orc:2    | Noticed an orc warlord
 19608 | Orc:2    | Reached skill level 1 in Air Magic
 19614 | Orc:2    | Noticed a stone giant
 19619 | Orc:2    | Killed an orc warlord
 19629 | Orc:2    | Slain by a stone giant (25 damage)
 19632 | Orc:2    | Killed a stone giant
 19660 | Orc:2    | HP: 3/92 [orc priest/divine providence (11)]
 19662 | Orc:2    | Killed by divine providence
                  | ... invoked by an orc priest
                  | (11 damage)
 19668 | Orc:2    | Slain by an ettin
                  | ... wielding a +0 great mace
                  | (34 damage)
 19672 | Orc:2    | Slain by a cyclops (18 damage)
 19674 | Orc:2    | Reached XP level 15. HP: 84/91 MP: 25/25
 20003 | Orc:2    | Found Hed Ytem's Antique Weapon Boutique.
 20322 | Orc:2    | Found Rimonoll's Jewellery Shop.
 20356 | Orc:2    | Found Fajy's Armour Boutique.
 20413 | Orc:2    | Found Fituaw's Antique Armour Shop.
 20444 | Orc:2    | Found a staircase to the Elven Halls.
 20446 | Orc:2    | Found Isouboh's General Store.
 20969 | D:9      | Bought a -2 crystal plate armour for 840 gold pieces
 21074 | Orc:1    | Bought a scroll of enchant armour for 105 gold pieces
 21109 | Orc:1    | Bought a book of Air for 286 gold pieces
 21273 | Snake:1  | Entered Level 1 of the Snake Pit
 21335 | Snake:1  | Found Poxu's Assorted Antiques.
 22259 | Snake:1  | Found a shimmering blue altar of Sif Muna.
 23357 | Snake:2  | Mangled by a salamander
                  | ... wielding a +0 spear
                  | (22 damage)
 23368 | Snake:2  | Slain by a mana viper (9 damage)
 23380 | Snake:2  | Reached skill level 13 in Fighting
 23748 | Snake:2  | Found a runed translucent door.
 23749 | Snake:2  | Noticed Woigomae's ghost (adept OpVM)
 24198 | Snake:2  | Learned a level 4 spell: Airstrike
 24211 | Snake:2  | Killed Woigomae's ghost
 24212 | Snake:2  | Reached skill level 5 in Air Magic
 24283 | Snake:3  | Identified the +1 robe of the Tarantula {Dex+2}
 24379 | Snake:3  | Reached skill level 10 in Armour
 25072 | Snake:3  | Noticed Vashnia
 25081 | Snake:3  | Slain by a naga warrior
                  | ... wielding a +0 trident
                  | (6 damage)
 25098 | Snake:3  | Shot with an arrow by Vashnia (21 damage)
 25104 | Snake:3  | Noticed a nagaraja
 25106 | Snake:3  | Killed Vashnia
 25112 | Snake:3  | HP: 2/96 [naga sharpshooter/arrow[Vashnia] (13)]
 25112 | Snake:3  | Shot with an arrow by a naga sharpshooter (21 damage)
                  | ... led by Vashnia
 25121 | Snake:3  | HP: 1/96 [naga sharpshooter/arrow[Vashnia] (18)]
 25121 | Snake:3  | Constricted to death by a nagaraja (1 damage)
 25122 | Snake:3  | Killed a nagaraja
 25653 | Snake:3  | Reached XP level 16. HP: 97/104 MP: 26/26
 25751 | Snake:4  | Entered Level 4 of the Snake Pit
 28019 | Snake:4  | Noticed a nagaraja
 28043 | Snake:4  | Killed a nagaraja
 28414 | Snake:4  | HP: 5/105 [salamander tyrant (6)]
 28414 | Snake:4  | Annihilated by a salamander tyrant (36 damage)
 28421 | Snake:4  | HP: 4/105 [naga/+0 battleaxe (14)]
 28422 | Snake:4  | HP: 1/105 [constriction (3)]
 28424 | Snake:4  | Constricted to death by a naga (3 damage)
 28462 | Snake:4  | HP: 4/99 [salamander (2)]
 28462 | Snake:4  | Demolished by a salamander (21 damage)
 28468 | Snake:4  | HP: 2/99 [naga warrior/+0 mace (12)]
 28469 | Snake:4  | Constricted to death by a naga warrior (4 damage)
 28547 | Snake:4  | Slain by a salamander (16 damage)
 28578 | Snake:4  | HP: 3/97 [shock serpent (3)]
 28579 | Snake:4  | Slain by a shock serpent (7 damage)
 28609 | Snake:4  | Mangled by a naga ritualist
                  | ... wielding a +1 scimitar of holy wrath
                  | (22 damage)
 28626 | Snake:4  | Reached skill level 14 in Fighting
 28635 | Snake:4  | HP: 3/106 [constriction (5)]
 28635 | Snake:4  | Slain by a naga
                  | ... wielding a +0 mace
                  | (4 damage)
 28645 | Snake:4  | Mangled by a naga
                  | ... wielding a +0 morningstar of draining
                  | (20 damage)
 28647 | Snake:4  | Noticed a nagaraja
 28650 | Snake:4  | Mangled by a salamander tyrant (25 damage)
 28661 | Snake:4  | HP: 4/106 [mana viper (7)]
 28662 | Snake:4  | Slain by a salamander tyrant (8 damage)
 28668 | Snake:4  | Noticed a nagaraja
 28668 | Snake:4  | HP: 4/106 [nagaraja/+0 club (9)]
 28669 | Snake:4  | Noticed a nagaraja
 28669 | Snake:4  | Killed a nagaraja
 28671 | Snake:4  | Slain by a salamander tyrant (4 damage)
 28676 | Snake:4  | HP: 5/106 [sea snake (7)]
 28676 | Snake:4  | Shot with a bolt by a naga sharpshooter (19 damage)
 28682 | Snake:4  | Demolished by a salamander tyrant (27 damage)
 28689 | Snake:4  | HP: 2/106 [salamander tyrant (28)]
 28690 | Snake:4  | Constricted to death by a naga ritualist (2 damage)
 28695 | Snake:4  | Shot with a bolt by a naga sharpshooter (17 damage)
 28701 | Snake:4  | HP: 1/106 [naga ritualist/+0 scimitar (8)]
 28701 | Snake:4  | Mangled by a nagaraja
                  | ... wielding a +0 spear
                  | (11 damage)
 28707 | Snake:4  | HP: 4/106 [constriction (4)]
 28709 | Snake:4  | Mangled by a sea snake (13 damage)
 28717 | Snake:4  | HP: 1/106 [naga sharpshooter/arrow (12)]
 28717 | Snake:4  | Slain by a nagaraja
                  | ... wielding a +0 club
                  | (2 damage)
 28727 | Snake:4  | Shot with a bolt by a naga sharpshooter (11 damage)
 28740 | Snake:4  | Shot with a bolt by a naga sharpshooter (17 damage)
 28742 | Snake:4  | Killed a nagaraja
 28748 | Snake:4  | Killed a nagaraja
 29604 | Snake:4  | Got a serpentine rune of Zot
 29807 | Shoals:1 | Entered Level 1 of the Shoals
 29860 | Shoals:1 | Noticed Frances
 29878 | Shoals:1 | Killed from afar by Frances (30 damage)
                  | ... with a shard of ice
 29882 | Shoals:1 | Killed Frances
 30493 | Shoals:1 | HP: 3/107 [satyr/arrow (19)]
 30494 | Shoals:1 | Mangled by a snapping turtle (12 damage)
 30514 | Shoals:1 | HP: 2/107 [sea snake (16)]
 30515 | Shoals:1 | Slain by a centaur warrior (4 damage)
 30520 | Shoals:1 | Reached XP level 17. HP: 110/112 MP: 27/27
 30708 | Shoals:1 | Found Hepuruyrghe's General Store.
 32365 | Shoals:3 | Noticed Mara
 32380 | Shoals:3 | Noticed hwolsky's illusion
 32388 | Shoals:3 | HP: 4/112 [hwolsky's illusion (illusionary)/the air[Mara]
                  | (19)]
 32389 | Shoals:3 | Slain by hwolsky's illusion (illusionary) (7 damage)
                  | ... woven by Mara
 32401 | Shoals:3 | HP: 1/112 [hwolsky's illusion (illusionary)[Mara] (8)]
 32401 | Shoals:3 | Slain by hwolsky's illusion (illusionary) (3 damage)
                  | ... woven by Mara
 32407 | Shoals:3 | HP: 4/112 [merfolk/+0 trident (6)]
 32411 | Shoals:3 | Slain by a merfolk
                  | ... wielding a +0 trident
                  | (9 damage)
 32416 | Shoals:3 | Killed from afar by Mara (illusionary) (40 damage)
                  | ... with a bolt of fire
 32430 | Shoals:3 | Noticed hwolsky's illusion
 32432 | Shoals:3 | Killed from afar by Mara (76 damage)
                  | ... with a bolt of fire
 32435 | Shoals:3 | Killed Mara
 32503 | Shoals:3 | Found Xeusear's Jewellery Boutique.
 32584 | Shoals:3 | Noticed Ilsuiw
 32607 | Shoals:3 | Slain by a merfolk
                  | ... wielding a +0 trident
                  | ... led by Ilsuiw
                  | (9 damage)
 32617 | Shoals:3 | Mangled by a merfolk siren
                  | ... wielding a +0 trident
                  | ... led by Ilsuiw
                  | (15 damage)
 32662 | Shoals:3 | Slain by a water elemental (15 damage)
                  | ... summoned by Ilsuiw
 32683 | Shoals:3 | Killed Ilsuiw
 32800 | Shoals:3 | HP: 1/112 [merfolk/+0 trident[a merfolk javelineer] (11)]
 32807 | Shoals:3 | Killed by the air
                  | ... invoked by a wind drake
                  | (4 damage)
 32938 | Shoals:3 | HP: 2/112 [faun/+0 quarterstaff[a satyr] (15)]
 32938 | Shoals:3 | Mangled by a sea snake (11 damage)
 32956 | Shoals:3 | Reached skill level 15 in Fighting
 33550 | Shoals:3 | Reached skill level 10 in Air Magic
 34223 | Shoals:3 | Slain by a merfolk
                  | ... wielding a +0 trident
                  | ... led by a merfolk aquamancer
                  | (19 damage)
 34616 | Shoals:3 | Found a runed translucent door.
 34618 | Shoals:3 | Noticed Ceuduph's ghost (adept AtWn)
 34659 | Shoals:3 | Killed Ceuduph's ghost
 34996 | Shoals:4 | Entered Level 4 of the Shoals
 35044 | Shoals:4 | HP: 2/103 [merfolk impaler/+3 demon trident of freezing
                  | (22)]
 35046 | Shoals:4 | Slain by a sea snake (5 damage)
 35051 | Shoals:4 | Noticed Polyphemus
 35058 | Shoals:4 | Hit by a death yak thrown by Polyphemus (19 damage)
 35066 | Shoals:4 | Slain by a death yak (10 damage)
                  | ... led by Polyphemus
 35075 | Shoals:4 | Slain by a sea snake (15 damage)
 35081 | Shoals:4 | Slain by a sea snake (15 damage)
 35086 | Shoals:4 | HP: 3/111 [merfolk impaler/+5 vampiric trident (11)]
 35086 | Shoals:4 | Mangled by a death yak (15 damage)
                  | ... led by Polyphemus
 35091 | Shoals:4 | HP: 1/111 [death yak[Polyphemus] (10)]
 35091 | Shoals:4 | Slain by Polyphemus (4 damage)
 35095 | Shoals:4 | Mangled by Polyphemus (25 damage)
 35106 | Shoals:4 | Slain by a merfolk impaler
                  | ... wielding a +0 trident
                  | (11 damage)
 35116 | Shoals:4 | Hit by a silver javelin thrown by a merfolk javelineer (21
                  | damage)
 35117 | Shoals:4 | Killed Polyphemus
 35129 | Shoals:4 | Hit by a silver javelin thrown by a merfolk javelineer (15
                  | damage)
 35192 | Shoals:4 | Killed by the air
                  | ... invoked by a wind drake
                  | (27 damage)
 35196 | Shoals:4 | Reached skill level 16 in Fighting
 35200 | Shoals:4 | Shot with an arrow by a satyr (16 damage)
 35215 | Shoals:4 | Slain by a snapping turtle (12 damage)
 35221 | Shoals:4 | Reached XP level 18. HP: 69/112 MP: 28/28
 35252 | Shoals:4 | HP: 5/114 [something/ball of steam (55)]
 35254 | Shoals:4 | Engulfed by a merfolk aquamancer's steam (13 damage)
 35273 | Shoals:4 | HP: 3/115 [merfolk siren/+0 spear (3)]
 35274 | Shoals:4 | Annihilated by an alligator snapping turtle (36 damage)
 35282 | Shoals:4 | HP: 4/116 [merfolk javelineer/silver javelin (9)]
 35282 | Shoals:4 | HP: 1/116 [merfolk javelineer/silver javelin (3)]
 35283 | Shoals:4 | Hit by a silver javelin thrown by a merfolk javelineer (10
                  | damage)
 35287 | Shoals:4 | Slain by an alligator snapping turtle (22 damage)
 35292 | Shoals:4 | Hit by a silver javelin thrown by a merfolk javelineer (22
                  | damage)
 35296 | Shoals:4 | HP: 5/117 [merfolk impaler/+0 vampiric demon trident (18)]
 35296 | Shoals:4 | Slain by a merfolk
                  | ... wielding a +0 trident
                  | ... led by a merfolk aquamancer
                  | (4 damage)
 35305 | Shoals:4 | Slain by an alligator snapping turtle (28 damage)
 35321 | Shoals:4 | HP: 3/120 [alligator snapping turtle (30)]
 35322 | Shoals:4 | Mangled by a merfolk
                  | ... wielding a +0 trident
                  | ... led by a merfolk aquamancer
                  | (10 damage)
 35350 | Shoals:4 | HP: 1/120 [sea snake (9)]
 35353 | Shoals:4 | Slain by a sea snake (2 damage)
 35378 | Shoals:4 | Got a barnacled rune of Zot
 37065 | Temple   | Entered the Ecumenical Temple
 38065 | D:12     | Noticed Nergalle
 38076 | D:12     | Killed Nergalle
 38174 | D:12     | Noticed Psyche
 38180 | D:12     | Killed Psyche
 38198 | D:12     | Found a frozen archway.
 38243 | IceCv    | Entered an ice cave
 38849 | IceCv    | Slain by a frost giant
                  | ... wielding a +1 battleaxe of freezing
                  | (9 damage)
 38877 | IceCv    | Identified the staff of air "Zoelot" {rElec rCorr Dex+5}
 38879 | IceCv    | Identified the ring "Ewkyttuk" {Ice rPois}
 38890 | IceCv    | Identified the +5 halberd "Luhabb" {holy, Int+4}
 39649 | D:12     | Reached skill level 17 in Fighting
 39971 | D:12     | Noticed Erolcha
 39977 | D:12     | Killed Erolcha
 41322 | D:14     | HP: 6/124 [manticore (4)]
 41325 | D:14     | Mangled by an orc knight
                  | ... wielding a +2 battleaxe
                  | (14 damage)
 41379 | D:14     | HP: 3/124 [vault guard/+0 dire flail (14)]
 41686 | D:14     | Found a gate to the Vaults.
 43261 | D:15     | Entered Level 15 of the Dungeon
 43301 | Vaults:1 | Entered Level 1 of the Vaults
 44077 | Vaults:1 | Reached skill level 18 in Fighting
 44377 | Vaults:1 | HP: 3/116 [dire elephant (18)]
 44378 | Vaults:1 | Slain by a dire elephant (8 damage)
 44424 | Vaults:1 | HP: 3/121 [lindwurm (4)]
 44426 | Vaults:1 | Killed from afar by a lindwurm (58 damage)
                  | ... with a blast of flame
 44436 | Vaults:1 | Reached XP level 19. HP: 83/127 MP: 29/29
 44842 | Vaults:1 | Slain by a yaktaur captain (13 damage)
 44895 | Vaults:1 | Slain by a very large slime creature (20 damage)
 45403 | Vaults:1 | HP: 4/131 [deep troll[an ironbound preserver] (6)]
 45403 | Vaults:1 | HP: 1/131 [deep troll[an ironbound preserver] (3)]
 45403 | Vaults:1 | Mangled by a deep troll (13 damage)
                  | ... led by an ironbound preserver
 45770 | Vaults:1 | HP: 5/132 [yaktaur/bolt (17)]
 45772 | Vaults:1 | HP: 2/132 [deep troll[an ironbound preserver] (1)]
 45774 | Vaults:1 | Slain by an entropy weaver (7 damage)
 45939 | Vaults:1 | Reached skill level 15 in Armour
 46250 | Vaults:2 | HP: 2/131 [ettin/+0 dire flail (23)]
 46250 | Vaults:2 | Slain by an ettin
                  | ... wielding a +0 dire flail
                  | (7 damage)
 46692 | Vaults:2 | Noticed Jory
 46706 | Vaults:2 | HP: 4/132 [Jory/+3 great sword of flaming (6)]
 46706 | Vaults:2 | Slain by Jory
                  | ... wielding a +3 great sword of flaming
                  | (4 damage)
 46723 | Vaults:2 | HP: 1/132 [Jory/+3 great sword of flaming (7)]
 46723 | Vaults:2 | Slain by Jory
                  | ... wielding a +3 great sword of flaming
                  | (4 damage)
 46740 | Vaults:2 | Mangled by Jory
                  | ... wielding a +3 great sword of flaming
                  | (20 damage)
 46745 | Vaults:2 | Killed Jory
 46746 | Vaults:2 | Reached skill level 19 in Fighting
 46781 | Vaults:2 | Shot with a bolt by a yaktaur (14 damage)
                  | ... led by a yaktaur captain
 46896 | Vaults:2 | Noticed Sojobo
 46903 | Vaults:2 | HP: 5/124 [stone wall collision (24)]
 46907 | Vaults:2 | Killed by the air
                  | ... invoked by Sojobo
                  | (12 damage)
 46923 | Vaults:2 | Paralysed by an air elemental for 1 turns
 46928 | Vaults:2 | Mangled by a tengu reaver
                  | ... wielding a +2 long sword of protection
                  | ... led by Sojobo
                  | (22 damage)
 46929 | Vaults:2 | Killed Sojobo
 46940 | Vaults:2 | HP: 2/128 [tengu reaver/bolt of fire[Sojobo] (67)]
 46941 | Vaults:2 | Slain by a tengu reaver
                  | ... wielding a +2 long sword of protection
                  | ... led by Sojobo
                  | (5 damage)
 47031 | Vaults:2 | HP: 4/128 [redback (4)]
 47034 | Vaults:2 | Mangled by a yaktaur (12 damage)
                  | ... led by a yaktaur captain
 47140 | Vaults:2 | Noticed Bai Suzhen
 47159 | Vaults:2 | Killed Bai Suzhen
 47236 | Vaults:2 | HP: 5/118 [centaur warrior (2)]
 47236 | Vaults:2 | Slain by an ironbound frostheart (8 damage)
 47820 | Vaults:2 | Noticed a Tzitzimitl
 47821 | Vaults:2 | Noticed a Hell Sentinel
 47833 | Vaults:2 | Killed from afar by a Tzitzimitl (28 damage)
                  | ... with a bolt of negative energy
                  | ... summoned by a deep elf demonologist
 47845 | Vaults:2 | HP: 2/112 [Tzitzimitl[a deep elf demonologist] (11)]
 47845 | Vaults:2 | Slain by a deep elf demonologist
                  | ... wielding a +0 short sword
                  | (5 damage)
 48157 | Vaults:2 | HP: 3/107 [dire elephant (23)]
 48163 | Vaults:2 | Mangled by a dire elephant (13 damage)
 48326 | Vaults:2 | HP: 4/113 [dire elephant (20)]
 48330 | Vaults:2 | Slain by a dire elephant (6 damage)
 48481 | Vaults:2 | Got the Encyclopedia of Peregrination
 48504 | Vaults:2 | Got the Opusculum on the Flashy Mesa
 48522 | Vaults:2 | Learned a level 9 spell: Chain Lightning
 49099 | Vaults:3 | Reached skill level 20 in Fighting
 49106 | Vaults:3 | Reached XP level 20. HP: 97/132 MP: 30/30
 49121 | Vaults:3 | Slain by a slime creature (11 damage)
 49138 | Vaults:3 | Slain by a slime creature (10 damage)
 49605 | Vaults:3 | Found a staircase to the Crypt.
 49605 | Vaults:3 | Found an ancient bone altar of Kikubaaqudgha.
 49645 | Vaults:3 | HP: 7/140 [dire elephant (5)]
 49646 | Vaults:3 | Mangled by a dire elephant (15 damage)
 49664 | Vaults:3 | Slain by a dire elephant (25 damage)
 50122 | Vaults:3 | Identified the +1 whip of Butchery {flame, rCorr SInv}
 50388 | Vaults:3 | HP: 7/140 [orc knight/+0 great mace (8)]
 50389 | Vaults:3 | Annihilated by an orc knight
                  | ... wielding a +0 great mace
                  | (32 damage)
 50399 | Vaults:3 | Reached skill level 15 in Air Magic
 50413 | Vaults:3 | Slain by an orc knight
                  | ... wielding a +1 bardiche
                  | (13 damage)
 50597 | Vaults:3 | Annihilated by an ironbound frostheart (51 damage)
 50884 | Vaults:3 | HP: 5/141 [something/fireball (49)]
 50885 | Vaults:3 | HP: 1/141 [something (4)]
 50885 | Vaults:3 | Demolished by an ironbound convoker
                  | ... wielding a +0 great mace
                  | (15 damage)
 50914 | Vaults:3 | HP: 3/141 [ironbound thunderhulk/bolt of lightning (11)]
 50916 | Vaults:3 | Killed from afar by an ironbound thunderhulk (6 damage)
                  | ... with a bolt of lightning
 51377 | Vaults:3 | Identified the +10 broad axe of Zoim Fane {protect, Fly rN+
                  | rCorr Dex-5}
 51605 | Vaults:4 | HP: 3/142 [deep troll[an ironbound preserver] (16)]
 51607 | Vaults:4 | Mangled by a deep troll (12 damage)
                  | ... led by an ironbound preserver
 51919 | Vaults:4 | Slain by a brown very ugly thing (10 damage)
 51967 | Vaults:4 | HP: 4/142 [yaktaur[a yaktaur captain] (9)]
 51971 | Vaults:4 | Slain by a yaktaur (6 damage)
                  | ... led by a yaktaur captain
 52514 | Vaults:4 | Slain by an ironbound frostheart (49 damage)
 52794 | Vaults:5 | Entered Level 5 of the Vaults
 52893 | Vaults:4 | Found Oriv's General Store.
 53338 | Vaults:4 | Noticed Xtahua
 53346 | Vaults:4 | Killed from afar by Xtahua (73 damage)
                  | ... with a searing blast
 53360 | Vaults:4 | Killed Xtahua
 54473 | Vaults:4 | Reached XP level 21. HP: 144/148 MP: 31/31
 54511 | Vaults:4 | HP: 4/148 [vault guard/+1 dire flail of draining (6)]
 54511 | Vaults:4 | Mangled by an ironbound preserver
                  | ... wielding a +4 dire flail of holy wrath
                  | ... led by a vault warden
                  | (12 damage)
 54536 | Vaults:4 | HP: 5/148 [ironbound preserver/+4 dire flail of holy
                  | wrath[a vault warden] (14)]
 54537 | Vaults:4 | Slain by an entropy weaver (7 damage)
 54555 | Vaults:4 | HP: 5/148 [vault sentinel/+0 war axe of freezing (3)]
 54555 | Vaults:4 | Mangled by a vault guard
                  | ... wielding a +1 halberd of venom
                  | ... led by a vault warden
                  | (13 damage)
 54574 | Vaults:4 | Reached skill level 21 in Fighting
 54857 | Vaults:4 | Identified the ring of Ifreracw {rPois rN+ Will+ Str-3}
 55098 | Vaults:5 | Noticed an ancient lich
 55100 | Vaults:5 | Noticed an ancient lich
 55112 | Vaults:5 | Killed an ancient lich
 55113 | Vaults:5 | Killed from afar by a titan (13 damage)
                  | ... with a bolt of lightning
 55125 | Vaults:5 | Killed by the air
                  | ... invoked by a titan
                  | (14 damage)
 55130 | Vaults:5 | Slain by a titan (26 damage)
 55133 | Vaults:5 | HP: 1/148 [ancient lich/crystal spear (83)]
 55133 | Vaults:5 | Killed from afar by an ancient lich (48 damage)
                  | ... with a crystal spear
 55141 | Vaults:5 | Mangled by a vault warden
                  | ... wielding a +0 great mace
                  | (17 damage)
 55144 | Vaults:5 | Killed an ancient lich
 55147 | Vaults:5 | HP: 3/146 [frost giant/+1 battleaxe of freezing (15)]
 55147 | Vaults:5 | Mangled by a frost giant
                  | ... wielding a +1 battleaxe of freezing
                  | (10 damage)
 55151 | Vaults:5 | Slain by a frost giant
                  | ... wielding a +1 battleaxe of freezing
                  | (6 damage)
 55159 | Vaults:5 | HP: 2/147 [brown very ugly thing (6)]
 55159 | Vaults:5 | Splashed by a brown very ugly thing's acid (3 damage)
 55166 | Vaults:5 | Demolished by a tengu reaver simulacrum (52 damage)
 55171 | Vaults:5 | Annihilated by a vault warden simulacrum (45 damage)
 55183 | Vaults:5 | HP: 7/144 [storm dragon/bolt of lightning (12)]
 55183 | Vaults:5 | Annihilated by a vault warden simulacrum (51 damage)
 55194 | Vaults:4 | Shot with a bolt by a yaktaur captain (17 damage)
 55360 | Vaults:5 | Noticed an ancient lich
 55366 | Vaults:5 | Killed by the air
                  | ... invoked by a titan
                  | (31 damage)
 55377 | Vaults:5 | Killed by the air
                  | ... invoked by a titan
                  | (25 damage)
 55380 | Vaults:5 | Killed from afar by an ancient lich (65 damage)
                  | ... with a crystal spear
 55382 | Vaults:5 | HP: 6/149 [titan (11)]
 55383 | Vaults:5 | HP: 1/149 [something (2)]
 55383 | Vaults:5 | Annihilated by a stone giant (24 damage)
 55387 | Vaults:5 | Killed from afar by a fire giant (66 damage)
                  | ... with a bolt of fire
 55391 | Vaults:5 | Noticed an ancient lich
 55395 | Vaults:5 | Killed from afar by an ancient lich (42 damage)
                  | ... with a crystal spear
 55425 | Vaults:5 | Killed an ancient lich
 62419 | Vaults:5 | Noticed a dread lich
 62451 | Vaults:5 | Slain by a Hell Sentinel (22 damage)
                  | ... summoned by a dread lich
 62459 | Vaults:5 | HP: 1/146 [Executioner[a dread lich] (16)]
 62459 | Vaults:5 | Slain by an Executioner (6 damage)
                  | ... summoned by a dread lich
 62466 | Vaults:5 | HP: 4/146 [Executioner[a dread lich] (7)]
 62467 | Vaults:5 | Demolished by a Hell Sentinel (22 damage)
                  | ... summoned by a dread lich
 62496 | Vaults:5 | HP: 4/140 [storm dragon/bolt of lightning (12)]
 62498 | Vaults:5 | Slain by a deep troll (6 damage)
                  | ... led by an ironbound preserver
 62506 | Vaults:5 | HP: 3/140 [titan (24)]
 62506 | Vaults:5 | Constricted to death by an ironbound convoker (10 damage)
 62517 | Vaults:5 | Slain by an ettin
                  | ... wielding a +0 great mace
                  | (20 damage)
 62526 | Vaults:5 | Slain by a ghostly ettin
                  | ... wielding a +0 great mace
                  | (26 damage)
 62556 | Vaults:5 | Killed from afar by an ancient lich (77 damage)
                  | ... with a crystal spear
 62563 | Vaults:5 | Killed by the air
                  | ... invoked by a titan
                  | (19 damage)
 62566 | Vaults:5 | Killed an ancient lich
 62566 | Vaults:5 | Killed from afar by a titan (14 damage)
                  | ... with a bolt of lightning
 62571 | Vaults:5 | Killed a dread lich
 62571 | Vaults:5 | Mangled by a freezing wraith (28 damage)
 63129 | Vaults:5 | Identified the staff of conjuration "Biagidasch" {rF++ rN+
                  | rCorr Str-2}
 63384 | Vaults:5 | Found Wyobau's Jewellery Shop.
 63629 | Vaults:5 | Noticed a dread lich
 63647 | Vaults:5 | Killed a dread lich
 63701 | Vaults:5 | Noticed a dread lich
 63706 | Vaults:5 | Got a silver rune of Zot
 63839 | Vaults:5 | Learned a level 6 spell: Conjure Ball Lightning
 63891 | Vaults:5 | HP: 4/137 [Tzitzimitl[a dread lich] (4)]
 63892 | Vaults:5 | Slain by a phantasmal warrior (6 damage)
 63907 | Vaults:5 | Slain by a Tzitzimitl (14 damage)
                  | ... summoned by a dread lich
 63912 | Vaults:5 | HP: 4/135 [yaktaur captain/bolt (12)]
 63912 | Vaults:5 | Slain by a Tzitzimitl (7 damage)
                  | ... summoned by a dread lich
 63913 | Vaults:5 | Paralysed by something for 5 turns
 63916 | Vaults:5 | Shot with a bolt by a yaktaur captain (23 damage)
                  | ... while paralysed by a dread lich
 63920 | Vaults:5 | Killed from afar by a Tzitzimitl (22 damage)
                  | ... with a bolt of negative energy
                  | ... summoned by a dread lich
 63927 | Vaults:5 | Paralysed by a dread lich for 3 turns
 63929 | Vaults:5 | Slain by a reaper
                  | ... wielding a +1 scythe of freezing
                  | ... summoned by a dread lich
                  | (16 damage)
                  | ... while paralysed by a dread lich
 63935 | Vaults:5 | Slain by a reaper
                  | ... wielding a +1 scythe of freezing
                  | ... summoned by a dread lich
                  | (23 damage)
 63939 | Vaults:5 | Slain by a hell beast (10 damage)
                  | ... summoned by a dread lich
 63941 | Vaults:5 | Killed a dread lich
 63942 | Vaults:5 | Reached XP level 22. HP: 102/139 MP: 32/32
 64363 | Vaults:5 | Identified the +1 scimitar "Cyiroej" {drain, rF- rN+ Dex+2}
 64363 | Vaults:5 | Identified the ring "Zali" {Ice rElec rCorr}
 65082 | Vaults:5 | Bought the ring of the Hare {EV+10} for 2176 gold pieces
 65082 | Vaults:5 | Found the ring of the Hare {EV+10}
 65171 | Crypt:1  | Entered Level 1 of the Crypt
 65220 | Crypt:1  | HP: 6/147 [spore (2)]
 65241 | Crypt:1  | HP: 2/132 [eidolon (10)]
 65242 | Crypt:1  | Slain by an eidolon (6 damage)
 65250 | Crypt:1  | Noticed Vv
 65265 | Crypt:1  | Slain by Vv (66 damage)
 65266 | Crypt:1  | HP: 6/133 [Vv (39)]
 65268 | Crypt:1  | Annihilated by Vv (54 damage)
 65279 | Crypt:1  | HP: 2/133 [Vv (51)]
 65283 | Crypt:1  | Slain by Vv (3 damage)
 65301 | Crypt:1  | HP: 4/134 [jiangshi[a vampire mage] (15)]
 65301 | Crypt:1  | Killed from afar by Vv (25 damage)
 65318 | Crypt:1  | HP: 6/135 [Vv (16)]
 65318 | Crypt:1  | Annihilated by Vv (37 damage)
 65326 | Crypt:1  | Annihilated by Vv (39 damage)
 65329 | Crypt:1  | Demolished by Vv (48 damage)
 65363 | Crypt:1  | Killed Vv
 65407 | Crypt:1  | HP: 4/125 [jiangshi (4)]
 65416 | Crypt:1  | HP: 5/125 [jiangshi (2)]
 65419 | Crypt:1  | Slain by a jiangshi (9 damage)
 65629 | Crypt:1  | Reached skill level 22 in Fighting
 65668 | Crypt:1  | Mangled by a ghoul (19 damage)
 66680 | Crypt:2  | Mangled by a jiangshi (17 damage)
 66988 | Crypt:2  | Found a huge runed gate.
 66988 | Crypt:2  | Found a huge runed gate.
 66988 | Crypt:2  | Found a huge runed gate.
 66988 | Crypt:2  | Found a huge runed gate.
 66988 | Crypt:2  | Found a huge runed gate.
 66988 | Crypt:2  | Found a huge runed gate.
 66989 | Crypt:2  | Found a huge runed gate.
 66989 | Crypt:2  | Found a huge runed gate.
 66989 | Crypt:2  | Found a huge runed gate.
 66989 | Crypt:2  | Found a huge runed gate.
 66989 | Crypt:2  | Found a huge runed gate.
 66991 | Crypt:2  | Found a huge runed gate.
 66992 | Crypt:2  | Found a huge runed gate.
 66993 | Crypt:2  | Found a huge runed gate.
 66994 | Crypt:2  | Found a huge runed gate.
 66995 | Crypt:2  | Found a huge runed gate.
 67003 | Crypt:2  | Found a huge runed gate.
 67003 | Crypt:2  | Found a huge runed gate.
 67003 | Crypt:2  | Found a huge runed gate.
 67003 | Crypt:2  | Found a huge runed gate.
 67003 | Crypt:2  | Found a huge runed gate.
 67005 | Crypt:2  | Found a huge runed gate.
 67006 | Crypt:2  | Found a huge runed gate.
 67007 | Crypt:2  | Found a huge runed gate.
 67008 | Crypt:2  | Found a huge runed gate.
 67016 | Crypt:2  | Found a huge runed gate.
 67016 | Crypt:2  | Found a huge runed gate.
 67016 | Crypt:2  | Found a huge runed gate.
 67016 | Crypt:2  | Found a huge runed gate.
 67016 | Crypt:2  | Found a huge runed gate.
 67024 | Crypt:2  | Found a huge runed gate.
 67025 | Crypt:2  | Found a huge runed gate.
 67026 | Crypt:2  | Found a huge runed gate.
 67027 | Crypt:2  | Found a huge runed gate.
 67181 | Crypt:2  | Noticed an ancient lich
 67183 | Crypt:2  | Noticed a dread lich
 67199 | Crypt:2  | HP: 6/132 [Executioner[a dread lich] (11)]
 67200 | Crypt:2  | Mangled by an Executioner (15 damage)
                  | ... summoned by a dread lich
 67216 | Crypt:2  | Mangled by a vampire knight
                  | ... wielding a +2 great sword
                  | (21 damage)
 67223 | Crypt:2  | Slain by a dread lich (10 damage)
 67237 | Crypt:2  | Mangled by an eidolon (14 damage)
 67240 | Crypt:2  | Killed a dread lich
 67243 | Crypt:2  | Killed an ancient lich
 67395 | Crypt:2  | HP: 6/139 [ghoul (12)]
 67396 | Crypt:2  | HP: 2/140 [ghoul (5)]
 67399 | Crypt:2  | Slain by a ghoul (8 damage)
 67692 | Crypt:2  | Identified the +5 flail of Naeff {antimagic, SInv}
 68036 | Crypt:3  | Entered Level 3 of the Crypt
 68482 | Crypt:3  | Noticed Margery
 68516 | Crypt:3  | Killed Margery
 68977 | Crypt:3  | Reached XP level 23. HP: 101/136 MP: 33/33
 69330 | Crypt:3  | HP: 1/140 [jiangshi (8)]
 69330 | Crypt:3  | Demolished by a jiangshi (15 damage)
 69332 | Crypt:3  | Paralysed by a vampire knight for 4 turns
 69348 | Crypt:3  | HP: 2/162 [phantasmal warrior (21)]
 69350 | Crypt:3  | Annihilated by a vampire knight
                  | ... wielding a +0 great mace
                  | (28 damage)
 69371 | Crypt:3  | Demolished by a vampire knight
                  | ... wielding a +2 war axe of venom
                  | (25 damage)
 69445 | Crypt:3  | Found an ancient bone altar of Kikubaaqudgha.
 69526 | Crypt:3  | Identified the +7 mace of the Equinox {heavy, rN+++ MP+9
                  | Str-2 Int-4}
 69542 | Crypt:3  | HP: 3/164 [vampire knight/the +7 mace of the Equinox
                  | {heavy, rN+++ MP+9 Str-2 Int-4} (13)]
 69546 | Crypt:3  | Mangled by a vampire knight
                  | ... wielding the +7 mace of the Equinox
                  | {heavy, rN+++ MP+9 Str-2 Int-4}
                  | (10 damage)
 70222 | Crypt:3  | Identified the staff of fire "Xaj Zugui" {+Blink rElec rF+
                  | Str+4 Int+3}
 70616 | Crypt:3  | Reached skill level 23 in Fighting
 70631 | Crypt:3  | Got the Incunabulum of Maleficent Ceremonies
 70911 | Crypt:3  | Identified the amulet of Loesmo {Regen+ Str+4}
 70911 | Crypt:3  | Identified the ring "Fetelin" {rC++ rN+ rCorr Str+2 Slay-4}
 70911 | Crypt:3  | Identified the ring of Acled {rC+ rN+}
 71100 | Crypt:3  | Found a staircase to the Tomb.
 71118 | Tomb:1   | Entered Level 1 of the Tomb of the Ancients
 71331 | Tomb:1   | HP: 2/164 [sphinx/divine providence (13)]
 71333 | Tomb:1   | Slain by a sphinx (5 damage)
 71364 | Tomb:1   | HP: 1/153 [freezing wraith[a mummy priest] (34)]
 71369 | Tomb:1   | HP: 2/153 [something (1)]
 71370 | Tomb:1   | Demolished by a shadow (17 damage)
                  | ... summoned by a mummy priest
 71397 | Tomb:1   | Noticed a royal mummy
 71418 | Tomb:1   | Mangled by a death scarab (17 damage)
                  | ... summoned by a royal mummy
 71434 | Tomb:1   | Killed a royal mummy
 71452 | Tomb:1   | Noticed a royal mummy
 71473 | Tomb:1   | HP: 6/121 [emperor scorpion[a royal mummy] (13)]
 71477 | Tomb:1   | Slain by a death scarab (13 damage)
                  | ... summoned by a royal mummy
 71483 | Tomb:1   | Noticed a royal mummy
 71489 | Tomb:1   | Mangled by a death scarab (20 damage)
                  | ... summoned by a royal mummy
 71510 | Tomb:1   | HP: 6/121 [royal mummy/divine providence (10)]
 71510 | Tomb:1   | Mangled by an emperor scorpion (15 damage)
                  | ... summoned by a royal mummy
 71512 | Tomb:1   | Killed a royal mummy
 71520 | Tomb:1   | HP: 1/129 [emperor scorpion[a royal mummy] (13)]
 71521 | Tomb:1   | Slain by a death scarab (2 damage)
                  | ... summoned by a royal mummy
 71549 | Tomb:1   | HP: 2/106 [emperor scorpion[a royal mummy] (12)]
 71549 | Tomb:1   | Slain by an emperor scorpion (4 damage)
                  | ... summoned by a royal mummy
 71564 | Tomb:1   | Slain by an emperor scorpion (13 damage)
                  | ... summoned by a royal mummy
 71572 | Tomb:1   | Killed a royal mummy
 71572 | Tomb:1   | Killed by a royal mummy's death curse (21 damage)
 71638 | Tomb:1   | Killed by divine providence
                  | ... invoked by a smoke demon
                  | ... summoned by a mummy priest
                  | (13 damage)
 71650 | Tomb:1   | Slain by a mummy priest (20 damage)
 72298 | Tomb:2   | Noticed a royal mummy
 72299 | Tomb:2   | Noticed a royal mummy
 72300 | Tomb:2   | Noticed a royal mummy
 72311 | Tomb:2   | Killed by a mummy priest's death curse (17 damage)
 72313 | Tomb:2   | Noticed a royal mummy
 72322 | Tomb:2   | HP: 7/142 [??? (1)]
 72322 | Tomb:2   | HP: 3/142 [emperor scorpion[a royal mummy] (4)]
 72323 | Tomb:2   | Killed by divine providence
                  | ... invoked by a royal mummy
                  | (10 damage)
 72347 | Tomb:2   | HP: 6/143 [royal mummy (10)]
 72350 | Tomb:2   | Slain by an emperor scorpion (14 damage)
                  | ... summoned by a royal mummy
 72361 | Tomb:2   | Killed by divine providence
                  | ... invoked by a royal mummy
                  | (13 damage)
 72375 | Tomb:2   | Killed a royal mummy
 72376 | Tomb:2   | Mangled by a death scarab (17 damage)
                  | ... summoned by a royal mummy
 72387 | Tomb:2   | Mangled by a freezing wraith (19 damage)
                  | ... summoned by a mummy priest
 72394 | Tomb:2   | Killed a royal mummy
 72399 | Tomb:2   | HP: 5/135 [death scarab[a royal mummy] (21)]
 72400 | Tomb:2   | Killed by a mummy priest's death curse (20 damage)
 72405 | Tomb:2   | Killed a royal mummy
 72419 | Tomb:2   | Slain by a royal mummy (12 damage)
 72437 | Tomb:2   | HP: 4/131 [emperor scorpion[a royal mummy] (10)]
 72437 | Tomb:2   | Slain by an emperor scorpion (8 damage)
                  | ... summoned by a royal mummy
 72445 | Tomb:2   | Killed a royal mummy
 72948 | Tomb:1   | Noticed a royal mummy
 72963 | Tomb:1   | Killed by a guardian mummy's death curse (13 damage)
 72964 | Tomb:1   | Reached XP level 24. HP: 107/122 MP: 33/33
 72985 | Tomb:1   | Mangled by a death scarab (18 damage)
                  | ... summoned by a royal mummy
 72996 | Tomb:1   | HP: 6/120 [death scarab[a royal mummy] (4)]
 72996 | Tomb:1   | Killed by divine providence
                  | ... invoked by a royal mummy
                  | (12 damage)
 73006 | Tomb:1   | HP: 6/120 [royal mummy (5)]
 73006 | Tomb:1   | Slain by an emperor scorpion (7 damage)
                  | ... summoned by a royal mummy
 73010 | Tomb:1   | Killed a royal mummy
 73043 | Tomb:1   | Noticed a royal mummy
 73047 | Tomb:1   | Noticed a royal mummy
 73062 | Tomb:1   | Noticed a royal mummy
 73063 | Tomb:1   | HP: 4/105 [emperor scorpion[a royal mummy] (9)]
 73063 | Tomb:1   | Slain by an emperor scorpion (4 damage)
                  | ... summoned by a royal mummy
 73070 | Tomb:1   | Gained mutation: You occasionally lose the ability to read
                  | scrolls when taking damage. [mutagenic glow]
 73074 | Tomb:1   | Slain by an emperor scorpion (13 damage)
                  | ... summoned by a royal mummy
 73083 | Tomb:1   | Gained mutation: Your body sometimes deteriorates upon
                  | taking damage. [mutagenic glow]
 73084 | Tomb:1   | Killed a royal mummy
 73091 | Tomb:1   | HP: 5/116 [emperor scorpion[a royal mummy] (15)]
 73093 | Tomb:1   | Killed by divine providence
                  | ... invoked by a royal mummy
                  | (10 damage)
 73100 | Tomb:1   | Noticed a royal mummy
 73105 | Tomb:1   | Slain by a royal mummy (12 damage)
 73106 | Tomb:1   | Gained mutation: Your body often deteriorates upon taking
                  | damage. [mutagenic glow]
 73108 | Tomb:1   | Killed a royal mummy
 73110 | Tomb:1   | Noticed a royal mummy
 73110 | Tomb:1   | Noticed a royal mummy
 73116 | Tomb:1   | HP: 2/105 [royal mummy/divine providence (11)]
 73117 | Tomb:1   | Slain by a death scarab (6 damage)
                  | ... summoned by a royal mummy
 73124 | Tomb:1   | HP: 5/105 [royal mummy (13)]
 73125 | Tomb:1   | Mangled by a death scarab (14 damage)
                  | ... summoned by a royal mummy
 73141 | Tomb:1   | HP: 5/105 [emperor scorpion[a royal mummy] (7)]
 73141 | Tomb:1   | Killed by divine providence
                  | ... invoked by a royal mummy
                  | (8 damage)
 73144 | Tomb:1   | Killed a royal mummy
 73152 | Tomb:1   | Mangled by an emperor scorpion (14 damage)
                  | ... summoned by a royal mummy
 73160 | Tomb:1   | Slain by a royal mummy (7 damage)
 73167 | Tomb:1   | Killed a royal mummy
 73171 | Tomb:1   | HP: 1/100 [emperor scorpion[a royal mummy] (10)]
 73173 | Tomb:1   | Slain by an emperor scorpion (6 damage)
                  | ... summoned by a royal mummy
 73177 | Tomb:1   | Noticed a royal mummy
 73184 | Tomb:1   | HP: 2/100 [royal mummy/divine providence (12)]
 73185 | Tomb:1   | Mangled by an emperor scorpion (15 damage)
                  | ... summoned by a royal mummy
 73188 | Tomb:1   | Killed a royal mummy
 73191 | Tomb:1   | Slain by an emperor scorpion (11 damage)
                  | ... summoned by a royal mummy
 73198 | Tomb:1   | Slain by a death scarab (21 damage)
                  | ... summoned by a royal mummy
 73209 | Tomb:1   | Slain by a death scarab (10 damage)
                  | ... summoned by a royal mummy
 73213 | Tomb:1   | Killed by divine providence
                  | ... invoked by a royal mummy
                  | (13 damage)
 73221 | Tomb:1   | Killed a royal mummy
 73233 | Tomb:1   | HP: 4/100 [death scarab[a royal mummy] (12)]
 73234 | Tomb:1   | Mangled by a royal mummy
                  | ... wielding a +0 quarterstaff
                  | (17 damage)
 73251 | Tomb:1   | Noticed a royal mummy
 73251 | Tomb:1   | Noticed a royal mummy
 73252 | Tomb:1   | Slain by a death scarab (12 damage)
                  | ... summoned by a royal mummy
 73257 | Tomb:1   | Mangled by a death scarab (17 damage)
                  | ... summoned by a royal mummy
 73264 | Tomb:1   | Killed by divine providence
                  | ... invoked by a royal mummy
                  | (11 damage)
 73273 | Tomb:1   | Mangled by an emperor scorpion (18 damage)
                  | ... summoned by a royal mummy
 73275 | Tomb:1   | Killed a royal mummy
 73276 | Tomb:1   | Reached skill level 15 in Conjurations
 73286 | Tomb:1   | HP: 2/89 [emperor scorpion[a royal mummy] (5)]
 73286 | Tomb:1   | Demolished by an emperor scorpion (19 damage)
                  | ... summoned by a royal mummy
 73294 | Tomb:1   | Slain by a death scarab (10 damage)
                  | ... summoned by a royal mummy
 73301 | Tomb:1   | Killed a royal mummy
 73308 | Tomb:1   | Mangled by a royal mummy (17 damage)
 73327 | Tomb:1   | HP: 1/97 [royal mummy (14)]
 73329 | Tomb:1   | Mangled by a death scarab (14 damage)
                  | ... summoned by a royal mummy
 73341 | Tomb:1   | Mangled by a death scarab (20 damage)
                  | ... summoned by a royal mummy
 73352 | Tomb:1   | Killed a royal mummy
 73352 | Tomb:1   | Lost intelligence.
 73356 | Tomb:1   | Killed from afar by a Brimstone Fiend (38 damage)
                  | ... with damnation
                  | ... created by a Zot trap
 73376 | Tomb:1   | Noticed a royal mummy
 73399 | Tomb:1   | Mangled by a death scarab (14 damage)
                  | ... summoned by a royal mummy
 73404 | Tomb:1   | HP: 3/92 [emperor scorpion[a royal mummy] (13)]
 73405 | Tomb:1   | Slain by an emperor scorpion (9 damage)
                  | ... summoned by a royal mummy
 73411 | Tomb:1   | Slain by a death scarab (16 damage)
                  | ... summoned by a royal mummy
 73416 | Tomb:1   | HP: 1/92 [death scarab[a royal mummy] (12)]
 73416 | Tomb:1   | Slain by an emperor scorpion (2 damage)
                  | ... summoned by a royal mummy
 73430 | Tomb:1   | Mangled by a death scarab (17 damage)
                  | ... summoned by a royal mummy
 73430 | Tomb:1   | Lost dexterity.
 73434 | Tomb:1   | HP: 3/92 [death scarab[a royal mummy] (8)]
 73434 | Tomb:1   | Demolished by a death scarab (21 damage)
                  | ... summoned by a royal mummy
 73439 | Tomb:1   | Slain by a death scarab (15 damage)
                  | ... summoned by a royal mummy
 73440 | Tomb:1   | Killed a royal mummy
 73491 | Tomb:1   | Identified the +1 shortbow "Ufyena" {drain, Str+3}
 73522 | Tomb:1   | Noticed a royal mummy
 73548 | Tomb:1   | HP: 2/111 [royal mummy (11)]
 73552 | Tomb:1   | Slain by a royal mummy (8 damage)
 73556 | Tomb:1   | Noticed a royal mummy
 73557 | Tomb:1   | Slain by a death scarab (14 damage)
                  | ... summoned by a royal mummy
 73562 | Tomb:1   | Mangled by a death scarab (20 damage)
                  | ... summoned by a royal mummy
 73563 | Tomb:1   | HP: 3/111 [death scarab[a royal mummy] (6)]
 73564 | Tomb:1   | Slain by a death scarab (6 damage)
                  | ... summoned by a royal mummy
 73566 | Tomb:1   | Slain by an Ice Fiend (5 damage)
                  | ... created by a Zot trap
 73568 | Tomb:1   | HP: 1/111 [death scarab[a royal mummy] (17)]
 73568 | Tomb:1   | Slain by a death scarab (4 damage)
                  | ... summoned by a royal mummy
 73568 | Tomb:1   | Annihilated by an Ice Fiend (52 damage)
                  | ... created by a Zot trap
 73568 | Tomb:1   | Noticed a royal mummy
 73569 | Tomb:1   | Annihilated by an Ice Fiend (39 damage)
                  | ... created by a Zot trap
 73572 | Tomb:1   | Killed by divine providence
                  | ... invoked by a royal mummy
                  | (15 damage)
 73574 | Tomb:1   | Noticed a royal mummy
 73575 | Tomb:1   | Slain by an emperor scorpion (15 damage)
                  | ... summoned by a royal mummy
 73577 | Tomb:1   | Lost strength.
 73580 | Tomb:1   | Slain by a royal mummy (7 damage)
 73582 | Tomb:1   | HP: 4/87 [emperor scorpion[a royal mummy] (11)]
 73582 | Tomb:1   | Killed by divine providence
                  | ... invoked by a royal mummy
                  | (16 damage)
 73585 | Tomb:1   | Slain by a death scarab (4 damage)
                  | ... summoned by a royal mummy
 73586 | Tomb:1   | Mangled by a death scarab (21 damage)
                  | ... summoned by a royal mummy
 73590 | Tomb:1   | Slain by an emperor scorpion (17 damage)
                  | ... summoned by a royal mummy
 73593 | Tomb:1   | Killed a royal mummy
 73594 | Tomb:1   | HP: 2/100 [death scarab[a royal mummy] (11)]
 73595 | Tomb:1   | Mangled by a death scarab (9 damage)
                  | ... summoned by a royal mummy
 73600 | Tomb:1   | HP: 4/100 [emperor scorpion[a royal mummy] (3)]
 73601 | Tomb:1   | Slain by an emperor scorpion (3 damage)
                  | ... summoned by a royal mummy
 73606 | Tomb:1   | HP: 3/100 [emperor scorpion[a royal mummy] (4)]
 73606 | Tomb:1   | Slain by an emperor scorpion (5 damage)
                  | ... summoned by a royal mummy
 73612 | Tomb:1   | HP: 2/100 [royal mummy/divine providence (11)]
 73613 | Tomb:1   | Killed by divine providence
                  | ... invoked by a royal mummy
                  | (11 damage)
 73618 | Tomb:1   | Mangled by a royal mummy (14 damage)
 73623 | Tomb:1   | Slain by an emperor scorpion (16 damage)
                  | ... summoned by a royal mummy
 73627 | Tomb:1   | Killed by divine providence
                  | ... invoked by a royal mummy
                  | (13 damage)
 73628 | Tomb:1   | Killed a royal mummy
 73631 | Tomb:1   | Slain by an emperor scorpion (10 damage)
                  | ... summoned by a royal mummy
 73635 | Tomb:1   | Mangled by a death scarab (14 damage)
                  | ... summoned by a royal mummy
 73639 | Tomb:1   | Mangled by an emperor scorpion (16 damage)
                  | ... summoned by a royal mummy
 73642 | Tomb:1   | Slain by an emperor scorpion (12 damage)
                  | ... summoned by a royal mummy
 73646 | Tomb:1   | Mangled by a death scarab (12 damage)
                  | ... summoned by a royal mummy
 73652 | Tomb:1   | HP: 1/90 [royal mummy (15)]
 73653 | Tomb:1   | Mangled by an emperor scorpion (10 damage)
                  | ... summoned by a royal mummy
 73657 | Tomb:1   | Slain by a death scarab (9 damage)
                  | ... summoned by a royal mummy
 73659 | Tomb:1   | Mangled by an emperor scorpion (11 damage)
                  | ... summoned by a royal mummy
 73664 | Tomb:1   | HP: 4/90 [death scarab[a royal mummy] (1)]
 73664 | Tomb:1   | Slain by an emperor scorpion (7 damage)
                  | ... summoned by a royal mummy
 73669 | Tomb:1   | HP: 3/66 [emperor scorpion[a royal mummy] (8)]
 73670 | Tomb:1   | Slain by an emperor scorpion (3 damage)
                  | ... summoned by a royal mummy
 73674 | Tomb:1   | HP: 2/66 [death scarab[a royal mummy] (6)]
 73674 | Tomb:1   | Slain by an emperor scorpion (2 damage)
                  | ... summoned by a royal mummy
 73675 | Tomb:1   | Mangled by a death scarab (11 damage)
                  | ... summoned by a royal mummy
 73679 | Tomb:1   | HP: 3/66 [death scarab[a royal mummy] (6)]
 73679 | Tomb:1   | Slain by an emperor scorpion (3 damage)
                  | ... summoned by a royal mummy
 73684 | Tomb:1   | HP: 3/66 [emperor scorpion[a royal mummy] (5)]
 73684 | Tomb:1   | Slain by an emperor scorpion (5 damage)
                  | ... summoned by a royal mummy
 73690 | Tomb:1   | HP: 3/66 [emperor scorpion[a royal mummy] (3)]
 73690 | Tomb:1   | HP: 1/66 [emperor scorpion[a royal mummy] (2)]
 73690 | Tomb:1   | Demolished by a royal mummy (20 damage)
 73695 | Tomb:1   | Killed by divine providence
                  | ... invoked by a royal mummy
                  | (9 damage)
 73700 | Tomb:1   | HP: 2/66 [emperor scorpion[a royal mummy] (13)]
 73700 | Tomb:1   | Slain by an emperor scorpion (3 damage)
                  | ... summoned by a royal mummy
 73703 | Tomb:1   | Demolished by an emperor scorpion (17 damage)
                  | ... summoned by a royal mummy
 73707 | Tomb:1   | Slain by an emperor scorpion (15 damage)
                  | ... summoned by a royal mummy
 73711 | Tomb:1   | Killed by divine providence
                  | ... invoked by a royal mummy
                  | (9 damage)
 73716 | Tomb:1   | Killed by divine providence
                  | ... invoked by a royal mummy
                  | (14 damage)
 73721 | Tomb:1   | HP: 1/66 [emperor scorpion[a royal mummy] (4)]
 73721 | Tomb:1   | Slain by an emperor scorpion (5 damage)
                  | ... summoned by a royal mummy
 73722 | Tomb:1   | Killed a royal mummy
 73737 | Tomb:1   | Killed by divine providence
                  | ... invoked by a royal mummy
                  | (14 damage)
 73741 | Tomb:1   | Slain by an emperor scorpion (14 damage)
                  | ... summoned by a royal mummy
 73743 | Tomb:1   | Mangled by a death scarab (13 damage)
                  | ... summoned by a royal mummy
 73746 | Tomb:1   | Slain by a death scarab (10 damage)
                  | ... summoned by a royal mummy
 73748 | Tomb:1   | Slain by a royal mummy (5 damage)
 73752 | Tomb:1   | Killed by divine providence
                  | ... invoked by a royal mummy
                  | (9 damage)
 73757 | Tomb:1   | Slain by an emperor scorpion (3 damage)
                  | ... summoned by a royal mummy
 73758 | Tomb:1   | Killed a royal mummy
 73820 | Tomb:1   | Noticed a royal mummy
 73832 | Tomb:1   | Mangled by a death scarab (15 damage)
                  | ... summoned by a royal mummy
 73835 | Tomb:1   | Slain by an emperor scorpion (19 damage)
                  | ... summoned by a royal mummy
 73844 | Tomb:1   | Slain by an emperor scorpion (9 damage)
                  | ... summoned by a royal mummy
 73846 | Tomb:1   | HP: 2/42 [emperor scorpion[a royal mummy] (2)]
 73846 | Tomb:1   | Slain by a royal mummy (4 damage)
 73848 | Tomb:1   | Slain by a royal mummy (14 damage)
 73850 | Tomb:1   | Killed a royal mummy
 73920 | Tomb:2   | HP: 2/54 [mummy priest/divine providence (9)]
 73922 | Tomb:2   | Slain by a bennu (7 damage)
 73929 | Tomb:2   | Mangled by a bennu (14 damage)
 73931 | Tomb:2   | Mangled by a bennu (14 damage)
 73932 | Tomb:2   | HP: 1/55 [bennu (11)]
 73932 | Tomb:2   | Mangled by a bennu (10 damage)
 73937 | Tomb:2   | Mangled by a mummy priest (15 damage)
 73945 | Tomb:2   | Slain by a wraith (6 damage)
                  | ... summoned by a mummy priest
 73949 | Tomb:2   | Mangled by a bennu (15 damage)
 73951 | Tomb:2   | Slain by a bennu (12 damage)
 73956 | Tomb:2   | Slain by a bennu (8 damage)
 73958 | Tomb:2   | Slain by a flying skull (8 damage)
 73960 | Tomb:2   | HP: 2/50 [barbs]
 73960 | Tomb:2   | Slain by a wraith (7 damage)
                  | ... summoned by a mummy priest
 73963 | Tomb:2   | Slain by a bennu (11 damage)
 73970 | Tomb:2   | Killed by divine providence
                  | ... invoked by a mummy priest
                  | (7 damage)
 73975 | Tomb:2   | HP: 1/50 [hellwing[a mummy priest] (9)]
 73977 | Tomb:2   | Slain by a nagaraja skeleton (1 damage)
                  | ... summoned by a mummy priest
 73979 | Tomb:2   | Slain by an ushabti (15 damage)
 73986 | Tomb:2   | Slain by a nagaraja skeleton (12 damage)
                  | ... summoned by a mummy priest
 73989 | Tomb:2   | Slain by a juggernaut simulacrum (35 damage)
                  | ... summoned by a mummy priest
 73989 | Tomb:2   | Annihilated by a juggernaut simulacrum (81 damage)
                  | ... summoned by a mummy priest
 73989 | Tomb:2   | Annihilated by a juggernaut simulacrum (64 damage)
                  | ... summoned by a mummy priest
 73997 | Tomb:2   | Mangled by an ushabti (13 damage)
 74004 | Tomb:2   | HP: 1/32 [spectral ettin[a revenant] (8)]
 74004 | Tomb:2   | Slain by a spectral ettin (1 damage)
                  | ... called from beyond by a revenant
 74006 | Tomb:2   | Slain by a flying skull (5 damage)
                  | ... summoned by a mummy priest
 74010 | Tomb:2   | Demolished by a juggernaut simulacrum (46 damage)
                  | ... summoned by a mummy priest
 74010 | Tomb:2   | Annihilated by a juggernaut simulacrum (73 damage)
                  | ... summoned by a mummy priest
 74014 | Tomb:2   | Slain by a flying skull (8 damage)
                  | ... summoned by a mummy priest
 74015 | Tomb:2   | Slain by a flayed ghost (14 damage)
                  | ... summoned by a mummy priest
 74023 | Tomb:2   | Mangled by a revenant (13 damage)
 74028 | Tomb:2   | Mangled by a revenant (16 damage)
 74137 | Tomb:3   | Entered Level 3 of the Tomb of the Ancients
 74142 | Tomb:3   | Slain by a death scarab (12 damage)
 74143 | Tomb:3   | HP: 2/44 [death scarab (9)]
 74144 | Tomb:3   | Mangled by a death scarab (9 damage)
 74145 | Tomb:3   | Slain by a death scarab (7 damage)
 74146 | Tomb:3   | Slain by a death scarab (21 damage)
 74147 | Tomb:3   | Slain by a death scarab (8 damage)
 74148 | Tomb:3   | Demolished by a death scarab (20 damage)
 74149 | Tomb:3   | Killed by a guardian mummy's death curse (12 damage)
 74150 | Tomb:3   | Reached skill level 24 in Fighting
 74151 | Tomb:3   | Slain by a bennu (4 damage)
 74154 | Tomb:3   | Noticed a royal mummy
 74156 | Tomb:3   | Noticed a royal mummy
 74156 | Tomb:3   | HP: 4/125 [bennu (3)]
 74156 | Tomb:3   | Slain by a bennu (6 damage)
 74161 | Tomb:3   | HP: 5/125 [bennu (5)]
 74161 | Tomb:3   | Slain by a bennu (8 damage)
 74167 | Tomb:3   | HP: 3/126 [bennu (8)]
 74167 | Tomb:3   | HP: 1/126 [bennu (2)]
 74168 | Tomb:3   | Demolished by a death scarab (16 damage)
 74173 | Tomb:3   | Slain by a guardian mummy (8 damage)
 74176 | Tomb:3   | Slain by a death scarab (13 damage)
 74177 | Tomb:3   | Noticed a royal mummy
 74179 | Tomb:3   | HP: 4/130 [bennu (3)]
 74179 | Tomb:3   | Demolished by a death scarab (18 damage)
 74183 | Tomb:3   | Killed by an exploding bennu (19 damage)
                  | ... ignited by themself
 74185 | Tomb:3   | HP: 4/146 [death scarab[a royal mummy] (7)]
 74185 | Tomb:3   | Slain by a skeletal warrior
                  | ... wielding a +0 dire flail
                  | (5 damage)
 74186 | Tomb:3   | Noticed a royal mummy
 74187 | Tomb:3   | Noticed a royal mummy
 74188 | Tomb:3   | HP: 1/146 [death scarab[a royal mummy] (3)]
 74188 | Tomb:3   | Mangled by a bennu (13 damage)
 74193 | Tomb:3   | HP: 3/146 [bennu (5)]
 74193 | Tomb:3   | Killed by divine providence
                  | ... invoked by a royal mummy
                  | (11 damage)
 74195 | Tomb:3   | Slain by a bennu (9 damage)
 74198 | Tomb:3   | Mangled by a death scarab (17 damage)
                  | ... summoned by a royal mummy
 74200 | Tomb:3   | Slain by a bennu (15 damage)
 74202 | Tomb:3   | HP: 3/133 [spore (16)]
 74202 | Tomb:3   | Slain by a bennu (2 damage)
 74204 | Tomb:3   | Mangled by a bennu (14 damage)
 74207 | Tomb:3   | HP: 1/130 [ancient champion/+2 great mace of freezing (15)]
 74207 | Tomb:3   | Mangled by an ancient champion
                  | ... wielding a +2 great mace of freezing
                  | (10 damage)
 74209 | Tomb:3   | Mangled by an ancient champion
                  | ... wielding a +2 great mace of freezing
                  | (16 damage)
 74210 | Tomb:3   | Noticed a royal mummy
 74213 | Tomb:3   | Slain by a death scarab (13 damage)
                  | ... summoned by a royal mummy
 74215 | Tomb:3   | HP: 6/129 [ancient champion/+2 great mace of freezing (1)]
 74215 | Tomb:3   | Killed by an exploding bennu (14 damage)
 74216 | Tomb:3   | Noticed a royal mummy
 74216 | Tomb:3   | Noticed Khufu
 74217 | Tomb:3   | Killed by divine providence
                  | ... invoked by a royal mummy
                  | (9 damage)
 74218 | Tomb:3   | Noticed a royal mummy
 74221 | Tomb:3   | HP: 1/143 [royal mummy (21)]
 74222 | Tomb:3   | Mangled by a death scarab (7 damage)
                  | ... summoned by a royal mummy
 74225 | Tomb:3   | Slain by a royal mummy (2 damage)
 74226 | Tomb:3   | HP: 2/145 [royal mummy/+0 spear (20)]
 74227 | Tomb:3   | Mangled by a death scarab (8 damage)
                  | ... summoned by a royal mummy
 74229 | Tomb:3   | Killed by divine providence
                  | ... invoked by Khufu
                  | (12 damage)
 74231 | Tomb:3   | Killed by divine providence
                  | ... invoked by a royal mummy
                  | (17 damage)
 74234 | Tomb:3   | HP: 1/145 [mummy priest/divine providence (12)]
 74234 | Tomb:3   | Mangled by a death scarab (14 damage)
 74237 | Tomb:3   | Slain by a death scarab (8 damage)
 74239 | Tomb:3   | Slain by an emperor scorpion (16 damage)
                  | ... summoned by a royal mummy
 74242 | Tomb:3   | HP: 7/145 [royal mummy (16)]
 74242 | Tomb:3   | Killed by divine providence
                  | ... invoked by a royal mummy
                  | (9 damage)
 74244 | Tomb:3   | Demolished by a phantasmal warrior (24 damage)
                  | ... summoned by a mummy priest
 74246 | Tomb:3   | Gained mutation: You passively map a small area around you.
                  | [mutagenic glow]
 74247 | Tomb:3   | HP: 4/145 [death scarab (5)]
 74247 | Tomb:3   | Slain by an emperor scorpion (7 damage)
                  | ... summoned by a royal mummy
 74251 | Tomb:3   | Mangled by a death scarab (19 damage)
 74253 | Tomb:3   | Killed a royal mummy
 74254 | Tomb:3   | HP: 7/151 [bennu (7)]
 74254 | Tomb:3   | HP: 1/151 [phantasmal warrior[a mummy priest] (6)]
 74254 | Tomb:3   | Killed by divine providence
                  | ... invoked by a royal mummy
                  | (8 damage)
 74258 | Tomb:3   | Slain by a bennu (8 damage)
 74260 | Tomb:3   | HP: 3/151 [death scarab (5)]
 74260 | Tomb:3   | Killed by divine providence
                  | ... invoked by a royal mummy
                  | (7 damage)
 74260 | Tomb:3   | Gained mutation: You expend magic power (3 MP) to
                  | strengthen your wands. [mutagenic glow]
 74261 | Tomb:3   | Killed a royal mummy
 74262 | Tomb:3   | Slain by a bennu (10 damage)
 74266 | Tomb:3   | HP: 6/155 [death scarab[a royal mummy] (4)]
 74266 | Tomb:3   | Mangled by a death scarab (19 damage)
 74270 | Tomb:3   | Mangled by an emperor scorpion (16 damage)
                  | ... summoned by a royal mummy
 74274 | Tomb:3   | HP: 2/155 [death scarab[a royal mummy] (13)]
 74274 | Tomb:3   | Slain by a bennu (6 damage)
 74275 | Tomb:3   | Gained mutation: You are frail. (-10% HP) [mutagenic glow]
 74277 | Tomb:3   | Mangled by a death scarab (17 damage)
                  | ... summoned by a royal mummy
 74280 | Tomb:3   | HP: 2/137 [bennu (12)]
 74281 | Tomb:3   | Mangled by an emperor scorpion (14 damage)
                  | ... summoned by a royal mummy
 74284 | Tomb:3   | Killed a royal mummy
 74284 | Tomb:3   | Killed by a royal mummy's death curse (28 damage)
 74289 | Tomb:3   | HP: 4/122 [royal mummy/divine providence (10)]
 74289 | Tomb:3   | Slain by a death scarab (8 damage)
                  | ... summoned by a royal mummy
 74292 | Tomb:3   | Mangled by a death scarab (17 damage)
                  | ... summoned by a royal mummy
 74294 | Tomb:3   | Slain by a death scarab (15 damage)
                  | ... summoned by a royal mummy
 74297 | Tomb:3   | Slain by a death scarab (19 damage)
                  | ... summoned by a royal mummy
 74299 | Tomb:3   | HP: 6/122 [death scarab[a royal mummy] (14)]
 74300 | Tomb:3   | Mangled by a death scarab (18 damage)
                  | ... summoned by a royal mummy
 74303 | Tomb:3   | Killed by divine providence
                  | ... invoked by a royal mummy
                  | (15 damage)
 74304 | Tomb:3   | Killed a royal mummy
 74306 | Tomb:3   | HP: 6/128 [emperor scorpion[a royal mummy] (3)]
 74307 | Tomb:3   | HP: 2/128 [death scarab[a royal mummy] (4)]
 74307 | Tomb:3   | Mangled by an emperor scorpion (8 damage)
                  | ... summoned by a royal mummy
 74307 | Tomb:3   | Lost mutation: You occasionally lose the ability to read
                  | scrolls when taking damage. [mutagenic glow]
 74312 | Tomb:3   | Slain by a death scarab (7 damage)
                  | ... summoned by a royal mummy
 74313 | Tomb:3   | Slain by a death scarab (20 damage)
 74319 | Tomb:3   | Mangled by a death scarab (15 damage)
                  | ... summoned by a royal mummy
 74320 | Tomb:3   | Killed a royal mummy
 74321 | Tomb:3   | Reached XP level 25. HP: 51/123 MP: 25/33
 74322 | Tomb:3   | Killed by divine providence
                  | ... invoked by a royal mummy
                  | (12 damage)
 74326 | Tomb:3   | HP: 6/123 [emperor scorpion[Khufu] (1)]
 74326 | Tomb:3   | Killed by divine providence
                  | ... invoked by Khufu
                  | (13 damage)
 74332 | Tomb:3   | Slain by an emperor scorpion (9 damage)
                  | ... summoned by Khufu
 74336 | Tomb:3   | HP: 4/123 [royal mummy/divine providence (17)]
 74337 | Tomb:3   | Mangled by an emperor scorpion (14 damage)
                  | ... summoned by a royal mummy
 74341 | Tomb:3   | Slain by a death scarab (17 damage)
                  | ... summoned by a royal mummy
 74343 | Tomb:3   | Slain by a royal mummy (13 damage)
 74347 | Tomb:3   | HP: 1/123 [emperor scorpion[Khufu] (8)]
 74347 | Tomb:3   | Killed by divine providence
                  | ... invoked by Khufu
                  | (12 damage)
 74348 | Tomb:3   | Killed a royal mummy
 74358 | Tomb:3   | HP: 3/118 [royal mummy (6)]
 74359 | Tomb:3   | Mangled by a royal mummy (11 damage)
 74366 | Tomb:3   | Killed a royal mummy
 74366 | Tomb:3   | Slain by an emperor scorpion (19 damage)
                  | ... summoned by a royal mummy
 74371 | Tomb:3   | HP: 2/121 [emperor scorpion[a royal mummy] (5)]
 74371 | Tomb:3   | Mangled by an emperor scorpion (8 damage)
                  | ... summoned by a royal mummy
 74379 | Tomb:3   | HP: 6/121 [??? (1)]
 74379 | Tomb:3   | HP: 1/121 [emperor scorpion[a royal mummy] (5)]
 74379 | Tomb:3   | Slain by an emperor scorpion (4 damage)
                  | ... summoned by a royal mummy
 74383 | Tomb:3   | Mangled by an emperor scorpion (11 damage)
                  | ... summoned by a royal mummy
 74386 | Tomb:3   | Killed a royal mummy
 74386 | Tomb:3   | Killed by a royal mummy's death curse (17 damage)
 74404 | Tomb:3   | HP: 3/108 [death scarab[Khufu] (3)]
 74405 | Tomb:3   | Killed by divine providence
                  | ... invoked by Khufu
                  | (11 damage)
 74415 | Tomb:3   | Slain by Khufu (8 damage)
 74423 | Tomb:3   | Slain by an iron dragon skeleton (13 damage)
 74434 | Tomb:3   | HP: 5/111 [emperor scorpion[Khufu] (5)]
 74436 | Tomb:3   | Killed by divine providence
                  | ... invoked by Khufu
                  | (10 damage)
 74443 | Tomb:3   | HP: 2/111 [death scarab[Khufu] (9)]
 74443 | Tomb:3   | Mangled by a death scarab (15 damage)
                  | ... summoned by Khufu
 74448 | Tomb:3   | Slain by an emperor scorpion (10 damage)
                  | ... summoned by Khufu
 74451 | Tomb:3   | Killed Khufu
 74642 | Tomb:3   | Identified the +0 cloak of Tomorrow {rElec Slay+2 Stlth-}
 74716 | Tomb:3   | Found the +2 Maxwell's thermic engine {flame, freeze, rev}
 74717 | Tomb:3   | Found the +5 Storm Queen's Shield {shock, Fly rElec}
 74718 | Tomb:3   | Found the +9 staff of Olgreb {rPois∞}
 74753 | Tomb:3   | Identified the amulet of the Blind Eye {Reflect rC+ Int+6
                  | Slay-3 SH+5}
 74768 | Tomb:3   | Identified the +10 spear "Embalmer" {heavy, +Blink rC+}
 74776 | Tomb:3   | Identified the +7 whip of Saism {flame, rCorr Int+5 Stlth-}
 74783 | Tomb:3   | Identified the +4 dagger "Neron" {heavy, rElec Int-5
                  | Stlth+}
 74790 | Tomb:3   | Identified the +9 quick blade of Righteous Anger {heavy,
                  | rN+ Int-2 Dex+2}
 74799 | Tomb:3   | Identified the staff of fire "Woynottud" {rF+ rC+ rCorr
                  | Dex+2}
 74838 | Tomb:3   | Identified the ring "Datailim" {rElec Will+++ rCorr Str+6
                  | Int+2 Stlth-}
 75017 | Tomb:3   | Got a golden rune of Zot
 75096 | Tomb:3   | Upgraded the game from 0.31-a0-18-gea43df2a32 to
                  | 0.31-a0-37-g98a128e1d9
 75224 | Tomb:3   | Gained mutation: You are clumsy. (Dex -2) [mutagenic glow]
 75947 | Vaults:4 | Lost mutation: You are clumsy. (Dex -2) [potion of
                  | mutation]
 75947 | Vaults:4 | Lost mutation: You passively map a small area around you.
                  | [potion of mutation]
 75947 | Vaults:4 | Gained mutation: Your spells are a little harder to cast,
                  | but a little more powerful. [potion of mutation]
 75948 | Vaults:4 | Lost mutation: You expend magic power (3 MP) to strengthen
                  | your wands. [potion of mutation]
 75948 | Vaults:4 | Lost mutation: Your body often deteriorates upon taking
                  | damage. [potion of mutation]
 75948 | Vaults:4 | Lost mutation: Your body sometimes deteriorates upon taking
                  | damage. [potion of mutation]
 75948 | Vaults:4 | Gained mutation: You occasionally shout uncontrollably at
                  | your foes. [potion of mutation]
 75948 | Vaults:4 | Gained mutation: Your muscles are strong. (Str +4, Int/Dex
                  | -1) [potion of mutation]
 76194 | D:15     | HP: 2/123 [meliai/+0 war axe (11)]
 76195 | D:15     | Killed by divine providence
                  | ... invoked by a meliai
                  | (14 damage)
 76279 | D:15     | Slain by a freezing wraith (25 damage)
 76346 | D:15     | HP: 6/127 [five-headed hydra (8)]
 76347 | D:15     | HP: 2/127 [five-headed hydra (4)]
 76349 | D:15     | Slain by a five-headed hydra (2 damage)
 76365 | D:15     | Slain by a rakshasa
                  | ... wielding a +0 whip
                  | (9 damage)
 76840 | D:15     | Found a staircase to the Depths.
 76845 | D:15     | HP: 6/135 [seven-headed hydra (5)]
 76845 | D:15     | Slain by a seven-headed hydra (7 damage)
 76897 | D:15     | Slain by a catoblepas (12 damage)
                  | ... summoned by a glowing orange brain
 77251 | D:15     | Lost mutation: Your spells are a little harder to cast, but
                  | a little more powerful. [potion of mutation]
 77251 | D:15     | Lost mutation: Your muscles are strong. (Str +4, Int/Dex
                  | -1) [potion of mutation]
 77251 | D:15     | Gained mutation: Your spells are a little harder to cast,
                  | but a little more powerful. [potion of mutation]
 77251 | D:15     | Gained mutation: You have large cloven feet. [potion of
                  | mutation]
 77311 | Depths:1 | Entered Level 1 of the Depths
 77320 | Depths:1 | Killed from afar by an ice dragon (70 damage)
                  | ... with a blast of cold
 77324 | Depths:1 | Killed from afar by a frost giant (36 damage)
                  | ... with a bolt of cold
 77331 | Depths:1 | Mangled by a frost giant
                  | ... wielding a +2 battleaxe of freezing
                  | (17 damage)
 77336 | Depths:1 | Killed from afar by a frost giant (19 damage)
                  | ... with a bolt of cold
 77348 | Depths:1 | Hit by a large rock thrown by a stone giant (36 damage)
 77359 | Depths:1 | Slain by a stone giant (27 damage)
 77373 | Depths:1 | HP: 2/105 [something (4)]
 77374 | Depths:1 | Mangled by a vampire knight
                  | ... wielding a +3 battleaxe
                  | (9 damage)
 77387 | Depths:1 | Slain by a vampire knight
                  | ... wielding a +3 battleaxe
                  | (10 damage)
 77393 | Depths:1 | Slain by a vampire knight
                  | ... wielding a +3 battleaxe
                  | (27 damage)
 77410 | Depths:1 | HP: 2/108 [something (5)]
 77411 | Depths:1 | Demolished by a vampire knight
                  | ... wielding a +3 battleaxe
                  | (18 damage)
 77420 | Depths:1 | HP: 5/108 [something (11)]
 77421 | Depths:1 | HP: 2/108 [tengu warrior/+0 long sword (2)]
 77422 | Depths:1 | Demolished by a vampire knight
                  | ... wielding a +3 battleaxe
                  | (19 damage)
 77451 | Depths:1 | Identified the +1 helmet "Pygum" {SInv}
 77548 | Depths:1 | Killed from afar by a fire giant (37 damage)
                  | ... with a bolt of fire
 77555 | Depths:1 | Killed from afar by a fire giant (37 damage)
                  | ... with a bolt of fire
 77630 | Depths:1 | Found a one-way gate to the infinite horrors of the Abyss.
 77658 | Depths:1 | HP: 2/114 [deep troll (17)]
 77658 | Depths:1 | Mangled by a deep troll (13 damage)
 77675 | Depths:1 | HP: 1/112 [deep troll (7)]
 77675 | Depths:1 | Slain by a deep troll (4 damage)
 77768 | Depths:1 | Demolished by a balrug
                  | ... wielding a +1 demon whip of electrocution
                  | (21 damage)
 77779 | Depths:1 | Killed from afar by a balrug (25 damage)
                  | ... with a bolt of fire
 77823 | Depths:1 | Mangled by a sun demon (16 damage)
 77847 | Depths:1 | Found a gateway to Hell.
 78007 | Depths:1 | Demolished by a red ugly thing (31 damage)
 78015 | Depths:1 | HP: 5/115 [red ugly thing (18)]
 78019 | Depths:1 | HP: 1/115 [brown ugly thing (4)]
 78019 | Depths:1 | Splashed by a brown ugly thing's acid (6 damage)
 78041 | Depths:1 | Mangled by a red ugly thing (34 damage)
 78066 | Depths:1 | HP: 1/117 [cyan ugly thing (7)]
 78066 | Depths:1 | Slain by a cyan ugly thing (5 damage)
 78119 | Depths:1 | Found Boimm's Magic Scroll Boutique.
 78166 | Depths:1 | Slain by a stone giant (17 damage)
 78259 | Depths:1 | Slain by a purple very ugly thing (13 damage)
 78265 | Depths:1 | HP: 4/121 [purple very ugly thing (21)]
 78266 | Depths:1 | Mangled by a green very ugly thing (11 damage)
 78273 | Depths:1 | HP: 5/121 [purple very ugly thing (7)]
 78275 | Depths:1 | Slain by a white ugly thing (7 damage)
 78277 | Depths:1 | Mangled by a white ugly thing (21 damage)
 78285 | Depths:1 | HP: 4/123 [red ugly thing (8)]
 78285 | Depths:1 | Demolished by a red ugly thing (19 damage)
 78294 | Depths:1 | Slain by a purple ugly thing (13 damage)
 78302 | Depths:1 | Mangled by a red ugly thing (18 damage)
 78312 | Depths:1 | Mangled by a red ugly thing (18 damage)
 78329 | Depths:1 | HP: 6/127 [red ugly thing (31)]
 78329 | Depths:1 | Slain by a red very ugly thing (9 damage)
 78457 | Depths:1 | HP: 3/133 [iron troll (11)]
 78460 | Depths:1 | Mangled by an iron troll (16 damage)
 78489 | Depths:1 | Mangled by an iron troll (15 damage)
 78743 | Depths:1 | Identified the +8 chain mail of the Blushing Gods {Rampage
                  | rCorr Dex+2}
 78927 | Depths:2 | HP: 5/116 [fire dragon (2)]
 78928 | Depths:2 | Mangled by a fire dragon (12 damage)
 78931 | Depths:2 | Found a transporter.
 78931 | Depths:2 | Found a transporter.
 78941 | Depths:2 | Slain by a hell knight
                  | ... wielding a +0 demon blade of pain
                  | (21 damage)
 78944 | Depths:2 | HP: 5/118 [hell knight/bolt of fire (24)]
 78944 | Depths:2 | Mangled by a fire dragon (11 damage)
 78952 | Depths:2 | Quit the game

Illustrated notes

Levels and vault maps discovered:
D:1:      evilmike_arrival_plus, layout_basic, serial_shops, shop, shop,
          roderic_nine_men_s_morris, fountainhead, minivault_19
D:2:      layout_rooms, serial_shops, shop, nicolae_shop_just_a_little_nook,
          shop, nicolae_shop_stone, shop, uniq_jessica
D:3:      layout_rooms, zin_scriptorium, uniq_crazy_yiuf_cottage
D:4:      minmay_diamond_boxcup, layout_basic
D:5:      layout_loops_cross, grunt_gozag_statues
D:6:      layout_rooms, nicolae_kikubaaqudgha_miasma_corner,
          kennysheep_mini_moat, chequers_temple_overflow_statue_of_worship
D:7:      layout_basic, minmay_temple_entry_slanted, enter_bailey_5,
          uniq_duvessa, uniq_menkaure
D:8:      layout_cave_pods, serial_park, serial_park_central
          [serial_park_minivault_5x5_6, serial_park_minivault_5x5_3],
          serial_park_tiny_1, serial_park_tiny_1
D:9:      layout_roguey, kennysheep_slug_shrine, lemuel_crystal_altar,
          minmay_shop_damaged
D:10:     layout_gridville, led_sif_book
D:11:     layout_rooms, lair_entry_dummy, david_orc_5, mrwooster_statue_mirror,
          uniq_erica
D:12:     layout_loops_corners, portal_ice_cave_entry_pillars_1, uniq_erolcha,
          uniq_psyche, uniq_nergalle
D:13:     layout_roguey
D:14:     layout_basic, grunt_vaults_entry_fortified, minmay_diced_spiral
D:15:     hangedman_depths_entry_try_elsewhere_first, layout_basic,
          chequers_mini_garden
Temple:   minmay_temple_forest_path
Lair:1:   layout_chaotic_city, infiniplex_staircase_pool_2
Lair:2:   layout_regular_city, nicolae_shoals_entry_flooding
Lair:3:   layout_loops_ring, nicolae_snake_entry_warm_welcome,
          grunt_forest_small_clearing_treed, grunt_megastairs_3, uniq_urug,
          uniq_snorg
Lair:4:   layout_hall_layers, lemuel_centaur_altar, grunt_megastairs_5
Lair:5:   wormcave, layout_misc_corridors, dpeg_slime_entry_enclosed,
          lemuel_old_faithful
Shoals:1: layout_shoals, serial_shops, shop, uniq_frances
Shoals:2: layout_shoals
Shoals:3: layout_shoals, gammafunk_ghost_grave, minmay_shop_enchanted_jewellery,
          uniq_ilsuiw, uniq_mara
Shoals:4: shoals_end_simple, layout_shoals, shoals_ilsuiw_ice, uniq_polyphemus
Snake:1:  layout_basic, basic_altar, serial_shops, shop
Snake:2:  layout_onion, gammafunk_ghost_grave, nicolae_triple_integral
Snake:3:  layout_honeycomb, uniq_vashnia
Snake:4:  johnstein_snake_rune_scales, layout_cave_town, serial_bayou_shore_a
Orc:1:    layout_caves, serial_shops, shop, shop, mines_bat_river, uniq_fannar
Orc:2:    grunt_orc_gardens, layout_caves, grunt_orc_garden, grunt_orc_garden,
          grunt_orc_garden, grunt_orc_garden, serial_shops, shop, basic_altar
Vaults:1: v_misc_33, nicolae_vaults_wrenched, ontoclasm_vaults_misaligned,
          v_misc_11, vaults_mumra_hexcomb, ontoclasm_vaults_twist,
          nicolae_vaults_triangles, hangedman_vaults_trim, vaults_room_hallway,
          layout_vaults_big_cross
Vaults:2: v_misc_33, ontoclasm_vaults_bender, ontoclasm_vaults_pinch,
          vaults_room_fours, ontoclasm_vaults_ring_square,
          hangedman_vaults_pinch, nicolae_vaults_weapon_check, v_misc_24,
          v_alt_pattern_1, v_rooms_1, nicolae_vaults_windows_and_doors_thing,
          nicolae_vaults_library_corner, layout_vaults_big_room, uniq_sojobo,
          uniq_jory, uniq_bai_suzhen
Vaults:3: v_alt_pattern_4, v_misc_11, minmay_crypt_entry_necro_gods,
          grunt_vaults_bifocal, nicolae_vaults_turnstiles, vaults_dpeg_diagonal,
          v_pattern_3, st_diamondy, nicolae_vaults_hexular_roomagon,
          nicolae_vaults_diamond_1, v_misc_24, nicolae_vaults_closet_pinwheel_3,
          layout_vaults_maze
Vaults:4: v_alt_pattern_2, nicolae_vaults_hallways_thing,
          nicolae_vaults_apartment_2, nicolae_vaults_trapezoid_3,
          grunt_vaults_diagonal, vaults_dpeg_ring, nicolae_vaults_heist,
          ontoclasm_vaults_chip, v_pattern_1, nicolae_vaults_wine_cellar,
          layout_vaults_omnigrid, serial_shops, shop, uniq_xtahua
Vaults:5: serial_shops
Crypt:1:  layout_misc_corridors, uniq_vv
Crypt:2:  layout_rooms, door_vault
Crypt:3:  church_of_pain_bobbens, layout_chaotic_city,
          nicolae_tomb_entry_rubble_hallway, minmay_misc_feat_ornament,
          minivault_23, grunt_ministairs_15, uniq_margery
Tomb:1
Tomb:2
Tomb:3
Depths:1: layout_forbidden_donut, solitary_fountain, lightli_too_deep,
          serial_shops, shop, abyss_entry_small_statue_room,
          reono_crystal_passage, nrook_uturn, bh_walls_and_bars
Depths:2: minmay_skeleton_keep, layout_basic, hell_entry,
          rand_demon_pan_entry_9, kennysheep_nub, nicolae_diode_quadrants

Skill      XL: |  1  2  3  4  5  6  7  8  9 10 11 12 13 14 15 16 17 18 19 20 21 22 23 24 25 |
---------------+----------------------------------------------------------------------------+-----
Spellcasting   | 1 2 3 4 6 7 |  7.1
Fighting       | 4 5 6 7 8 10 11 12 13 14 16 18 20 21 22 23 24 | 24.6
Dodging        | 3 4 5 6 |  6.6
Maces & Flails | 4 5 7 8 9 10 11 12 13 | 13.1
Poison Magic   | 3 5 6 9 11 13 | 13.0
Axes           | 2 3 |  3.0
Conjurations   | 10 14 17 18 | 18.4
Polearms       | 1 2 |  2.3
Armour         | 1 5 7 9 10 11 13 14 15 17 18 19 20 21 | 21.7
Evocations     | 2 3 |  3.7
Air Magic      | 2 6 8 11 13 14 16 17 18 | 18.9

Action                     |  1- 3 |  4- 6 |  7- 9 | 10-12 | 13-15 | 16-18 | 19-21 | 22-24 | 25-27 || total
---------------------------+-------+-------+-------+-------+-------+-------+-------+-------+-------++-------
  Melee: Mace              |    73 |   162 |     4 |       |       |       |       |       |       ||   239
         Trident           |       |       |   219 |   300 |       |       |       |       |       ||   519
         Unarmed           |       |       |       |    34 |       |       |       |       |       ||    34
         Morningstar       |       |       |       |   153 |   994 |  1796 |  1849 |       |       ||  4792
         Staff             |       |       |       |       |       |       |    67 |  3037 |   838 ||  3942
  Throw: Throwing net      |       |       |     1 |       |       |       |       |       |       ||     1
   Cast: Poisonous Vapours |       |       |    14 |    78 |   184 |   103 |    48 |     4 |       ||   431
         Magic Dart        |       |       |       |    18 |    16 |     1 |    11 |       |       ||    46
         Airstrike         |       |       |       |       |    22 |    19 |    13 |       |       ||    54
         Searing Ray       |       |       |       |       |     2 |       |       |       |       ||     2
         Conjure Ball Ligh |       |       |       |       |       |       |     2 |     5 |       ||     7
 Invoke: Sacrifice a Hand  |       |       |     1 |       |       |       |       |       |       ||     1
         Sacrifice Love    |       |       |       |     1 |       |       |       |       |       ||     1
         Apocalypse        |       |       |       |     1 |     5 |    10 |    12 |    36 |     6 ||    70
         Sacrifice Resista |       |       |       |     1 |       |       |       |       |       ||     1
         Power Leap        |       |       |       |       |     3 |       |       |     1 |     2 ||     6
         Draw Out Power    |       |       |       |       |       |       |     1 |     1 |       ||     2
Ability: Evoke the Staff o |       |       |       |       |       |       |       |       |     4 ||     4
  Evoke: Wand              |       |       |       |       |       |     1 |     1 |       |       ||     2
         Tin of tremorston |       |       |       |       |       |       |       |     2 |       ||     2
         Lightning rod     |       |       |       |       |       |       |       |     1 |       ||     1
         Piece from Xom's  |       |       |       |       |       |       |       |     1 |       ||     1
    Use: Scroll            |     2 |     4 |     6 |     6 |     6 |     3 |     1 |    17 |       ||    45
         Potion            |       |       |     5 |     2 |       |       |       |     4 |     3 ||    14
   Stab: Distracted        |       |       |     1 |     2 |     6 |    13 |    10 |    10 |       ||    42
         Invisible         |       |       |       |     2 |    14 |    22 |    17 |    16 |       ||    71
         Paralysed         |       |       |       |     3 |    26 |    26 |    36 |    45 |       ||   136
         Held in net/web   |       |       |       |       |       |     2 |       |       |       ||     2
         Sleeping          |       |       |       |       |       |     1 |     1 |       |       ||     2
 Armour: Robe              |    23 |   101 |   121 |   266 |   777 |  1499 |  2000 |  5557 |  2502 || 12846
         Skin              |       |       |       |     3 |       |       |       |       |       ||     3
  Dodge: Dodged            |    63 |   133 |   215 |   487 |  1144 |  1853 |  1955 |  6240 |   219 || 12309
  Block: Other             |       |       |       |       |       |   171 |   640 |   339 |       ||  1150
         Reflection        |       |       |       |       |       |    14 |    18 |       |       ||    32

Table legend: (Time is in decaauts)
 A = Elapsed time spent in this place.
 B = Non-inter-level travel time spent in this place.
 C = Inter-level travel time spent in this place.
 D = Time resting spent in this place.
 E = Time spent auto-exploring this place.
 F = Levels seen in this place.
 G = Mean time per level.
                   A        B        C        D        E       F      G
               +--------+--------+--------+--------+--------+-----+--------+
         Total |  84355 |  79945 |   4410 |   5654 |  37164 |  46 | 1833.8 |
       Dungeon |  17921 |  15795 |   2126 |    317 |  10274 |  15 | 1194.7 |
        Temple |    372 |    338 |     34 |      0 |    324 |   1 |  372.0 |
          Lair |   7686 |   7331 |    355 |    408 |   5382 |   5 | 1537.2 |
        Shoals |   7385 |   7148 |    237 |    410 |   2591 |   4 | 1846.2 |
     Snake Pit |   8747 |   8579 |    168 |   2190 |   4591 |   4 | 2186.8 |
  Orcish Mines |   2444 |   2287 |    157 |      0 |   1610 |   2 | 1222.0 |
        Vaults |  23126 |  22442 |    684 |   2310 |   7693 |   5 | 4625.2 |
         Crypt |   6644 |   6380 |    264 |      3 |   2360 |   3 | 2214.7 |
          Tomb |   5611 |   5326 |    285 |      0 |    510 |   3 | 1870.3 |
        Depths |   2409 |   2313 |     96 |      0 |    814 |   2 | 1204.5 |
        Bailey |    612 |    612 |      0 |     16 |    285 |   1 |  612.0 |
      Ice Cave |   1393 |   1393 |      0 |      0 |    726 |   1 | 1393.0 |
               +--------+--------+--------+--------+--------+-----+--------+

Top non-repeatable levels by time:
Vaults:4: 11629 daAuts
 Snake:4: 4027 daAuts
 Crypt:3: 3562 daAuts
Vaults:1: 3005 daAuts
Vaults:3: 2944 daAuts
Vaults:5: 2827 daAuts
  Tomb:1: 2818 daAuts
Vaults:2: 2720 daAuts
Shoals:3: 2710 daAuts
    D:14: 2309 daAuts
Depths:1: 2280 daAuts
  Lair:5: 2051 daAuts
Shoals:4: 1934 daAuts
 Snake:1: 1907 daAuts
    D:15: 1832 daAuts
